 Dungeon Crawl Stone Soup version 0.22-a0-782-g038298e (webtiles) character file.

1004751 glosham the Conqueror (level 27, -29/355 HPs)
             Began as an Ogre Arcane Marksman on July 16, 2018.
             Was the Champion of Cheibriados.
             Annihilated by Antaeus
             ... wielding a +6 spear
              (106 damage)
             ... on level 7 of Cocytus on July 21, 2018.
             The game lasted 1 day 01:48:06 (57308 turns).

glosham the Conqueror (Ogre Arcane Marksman)   Turns: 57308, Time: 1 , 01:48:06

Health: -29/355    AC: 25    Str: 45    XL:     27
Magic:  34/45      EV: 27    Int: 29    God:    Cheibriados [******]
Gold:   4746       SH:  0    Dex: 35    Spells: 12/62 levels left

rFire    + + +     SeeInvis +   a - +9 executioner's axe (chop)
rCold    + + +     Gourm    .   (shield currently unavailable)
rNeg     + + +     Faith    +   X - +6 gold dragon scales
rPois    +         Spirit   .   W - -2 hat of the Alchemist {rElec rPois rF+ rC+ rN+ MR+ rMut rCorr}
rElec    +         Reflect  .   Z - scarf {rC+ rF+}
rCorr    +         Harm     .   (gloves unavailable)
rMut     +                      (boots unavailable)
MR       ++++.                  z - amulet "Syruet" {Faith MR+ Str+3 Dex+3 SInv}
Stlth    ..........             A - ring "Efokhox" {rN+ EV+1 Dex+3 Stlth+}
HPRegen  1.69/turn              N - ring of positive energy
MPRegen  0.29/turn

@: mighty, frozen, regenerating (expiring), very slow
A: large, unfitting armour, robust 1, screaming 1, tough skin 1, weak 2,
MP-powered wands
}: 10/15 runes: decaying, serpentine, slimy, silver, abyssal, demonic, glowing,
magical, fiery, dark
a: Bend Time, Temporal Distortion, Slouch, Step From Time, Renounce Religion


You were on level 7 of Cocytus.
You worshipped Cheibriados.
Cheibriados was exalted by your worship.
You were very full.

You visited 14 branches of the dungeon, and saw 65 of its levels.
You visited Pandemonium 5 times, and saw 12 of its levels.
You visited the Abyss 2 times.
You visited 1 bazaar.
You visited 1 ziggurat, and saw 16 of its levels.
You also visited: Trove, Bailey and Volcano.

You collected 10355 gold pieces.
You spent 5609 gold pieces at shops.

Inventory:

Hand Weapons
 a - a +9 executioner's axe of chopping (weapon)
 b - a +9 vampiric battleaxe
Missiles
 c - 55 large rocks (quivered)
 d - 9 javelins
 f - 11 tomahawks
 i - 2 tomahawks of dispersal
Armour
 R - a +0 troll leather armour
 W - the -2 hat of the Alchemist (worn) {rElec rPois rF+ rC+ rN+ MR+ rMut rCorr}
   (You found it on level 3 of the Elven Halls)

   It protects you from fire.
   It protects you from cold.
   It insulates you from electricity.
   It protects you from poison.
   It protects you from negative energy.
   It affects your resistance to hostile enchantments.
   It provides partial protection from all sources of acid and corrosion.
   It protects you from mutation.
 X - +6 gold dragon scales (worn)
 Y - a +2 cloak of magic resistance
 Z - a scarf of resistance (worn)
Jewellery
 z - the amulet "Syruet" (around neck) {Faith MR+ Str+3 Dex+3 SInv}
   (You found it in a treasure trove)

   [amulet of faith]

   It allows you to gain divine favour quickly.
   It affects your strength (+3).
   It affects your dexterity (+3).
   It affects your resistance to hostile enchantments.
   It lets you see invisible.
 A - the ring "Efokhox" (left hand) {rN+ EV+1 Dex+3 Stlth+}
   (You bought it in a shop on level 2 of the Snake Pit)

   [ring of evasion]

   It affects your evasion (+1).
   It affects your dexterity (+3).
   It protects you from negative energy.
   It makes you more stealthy.
 B - a +5 ring of evasion
 C - the ring of Lucidity {rC+ MR+ Dex+2}
   (You bought it in a shop on level 2 of the Snake Pit)

   [ring of protection from cold]

   It affects your dexterity (+2).
   It protects you from cold.
   It affects your resistance to hostile enchantments.
 D - an uncursed ring of protection from fire
 F - an uncursed ring of flight
 M - an uncursed ring of wizardry
 N - a ring of positive energy (right hand)
Wands
 g - a wand of digging (28)
 h - a wand of polymorph (45)
Scrolls
 k - 29 scrolls of teleportation
 l - 8 scrolls of blinking
 m - 6 scrolls of fog
 n - 5 scrolls of fear
 o - 37 scrolls of remove curse
 p - 33 scrolls of identify
 E - 17 scrolls of magic mapping
 G - 2 scrolls of holy word
 H - 2 scrolls of silence {!r}
 I - 3 scrolls of summoning
Potions
 j - 10 potions of lignification
 q - 6 potions of ambrosia
 r - 23 potions of curing
 s - 7 potions of heal wounds
 t - 7 potions of magic
 u - 2 potions of resistance
 v - 2 potions of brilliance
 w - 5 potions of cancellation
 x - 3 potions of agility
 y - 5 potions of might
 J - 16 potions of flight
 K - a potion of invisibility
 L - 17 potions of mutation {!q}
Miscellaneous
 P - a box of beasts
Comestibles
 e - 73 rations


   Skills:
 O Level 27 Fighting
 O Level 27 Axes
 + Level 22.9 Throwing
 - Level 15.0 Armour
 - Level 20.6 Dodging
 - Level 18.0 Spellcasting
 * Level 6.4 Hexes
 - Level 4.0 Charms
 - Level 9.0 Summonings
 - Level 12.3 Necromancy
 - Level 7.0 Translocations
 - Level 2.0 Transmutations
 - Level 8.8 Air Magic
 - Level 2.0 Earth Magic
 - Level 17.5 Invocations


You had 12 spell levels left.
You knew the following spells:

 Your Spells              Type           Power        Failure   Level  Hunger
a - Apportation           Tloc           ######       1%          1    None
b - Blink                 Tloc           N/A          1%          2    None
c - Borgnjor's Vile Clut  Necr/Erth      ######....   16%         5    None
g - Passage of Golubria   Tloc           N/A          6%          4    None
i - Infusion              Chrm           ####         1%          1    None
j - Aura of Abjuration    Summ           ######....   8%          5    None
l - Summon Lightning Spi  Summ/Air       ######..     2%          4    None
m - Sublimation of Blood  Necr           #######...   1%          2    None
p - Portal Projectile     Hex/Tloc       ######       1%          3    None
q - Lesser Beckoning      Tloc           ######....   1%          3    None
r - Regeneration          Chrm/Necr      ######....   1%          3    None
s - Shroud of Golubria    Chrm/Tloc      ######....   1%          2    None
v - Vampiric Draining     Necr           #######...   1%          3    None
w - Spectral Weapon       Hex/Chrm       ######..     3%          3    None
z - Beastly Appendage     Tmut           #####.       4%          1    None
P - Passwall              Tmut/Erth      #####...     7%          2    None
S - Song of Slaying       Chrm           #####...     3%          2    None
Z - Animate Dead          Necr           N/A          1%          4    None

Your spell library contained the following spells:

 Spells                   Type           Power        Failure   Level  Hunger
 Cause Fear               Hex            ######....   8%          4    None
 Magic Dart               Conj           ####         11%         1    None
 Fireball                 Conj/Fire      ####......   96%         5    None
 Conjure Flame            Conj/Fire      ####....     32%         3    None
 Bolt of Fire             Conj/Fire      ####......   100%        6    ##.....
 Bolt of Cold             Conj/Ice       ####......   100%        6    ##.....
 Lightning Bolt           Conj/Air       ######....   45%         5    None
 Bolt of Magma            Conj/Fire/Erth ####......   93%         5    None
 Slow                     Hex            ######..     1%          2    None
 Confuse                  Hex            ######..     2%          3    None
 Invisibility             Hex            ######..     75%         6    ##.....
 Throw Frost              Conj/Ice       ####..       16%         2    None
 Freezing Cloud           Conj/Ice/Air   #####.....   99%         6    ##.....
 Mephitic Cloud           Conj/Pois/Air  #####...     10%         3    None
 Ring of Flames           Chrm/Fire      #####.....   100%        7    ####...
 Venom Bolt               Conj/Pois      ####......   96%         5    None
 Olgreb's Toxic Radiance  Pois           ####....     71%         4    None
 Teleport Other           Tloc           ######..     1%          3    None
 Summon Small Mammal      Summ           ####         1%          1    None
 Iskenderun's Mystic Bla  Conj           ####....     71%         4    None
 Pain                     Necr           ####         1%          1    None
 Animate Skeleton         Necr           N/A          1%          1    None
 Freeze                   Ice            ####         11%         1    None
 Ozocubu's Refrigeration  Ice            ####......   100%        6    ##.....
 Summon Ice Beast         Ice/Summ       ######..     17%         4    None
 Ozocubu's Armour         Chrm/Ice       #####...     14%         3    None
 Call Imp                 Summ           ######..     1%          2    None
 Sting                    Conj/Pois      ####         11%         1    None
 Tukima's Dance           Hex            ######..     2%          3    None
 Summon Demon             Summ           ######....   8%          5    None
 Iron Shot                Conj/Erth      ####......   100%        6    ##.....
 Shock                    Conj/Air       ####         1%          1    None
 Swiftness                Chrm/Air       ######..     1%          2    None
 Recall                   Summ/Tloc      N/A          1%          3    None
 Spider Form              Tmut/Pois      ####......   22%         3    None
 Blade Hands              Tmut           #####.....   78%         5    None
 Statue Form              Tmut/Erth      #####....    100%        6    ##.....
 Ice Form                 Ice/Tmut       ####....     56%         4    None
 Dragon Form              Tmut           #####.....   100%        7    ####...
 Death Channel            Necr           #######...   11%         6    ##.....
 Deflect Missiles         Chrm/Air       ######....   77%         6    ##.....
 Throw Icicle             Conj/Ice       ####....     71%         4    None
 Airstrike                Air            ######....   3%          4    None
 Shadow Creatures         Summ           N/A          38%         6    ##.....
 Confusing Touch          Hex            ######       1%          1    None
 Flame Tongue             Conj/Fire      ####.        11%         1    None
 Ignite Poison            Fire/Tmut/Pois ####....     24%         3    None
 Sticks to Snakes         Tmut           #####...     7%          2    None
 Call Canine Familiar     Summ           ######..     1%          3    None
 Ensorcelled Hibernation  Hex/Ice        #####.       4%          2    None
 Metabolic Englaciation   Hex/Ice        #####.....   63%         5    None
 Summon Butterflies       Summ           ######..     1%          1    None
 Silence                  Hex/Air        ######....   13%         5    None
 Shatter                  Erth           #####.....   100%        9    #######
 Dispersal                Tloc           ######....   67%         6    ##.....
 Static Discharge         Conj/Air       ######..     5%          3    None
 Corona                   Hex            ######.      1%          1    None
 Alistair's Intoxication  Tmut/Pois      ####....     89%         5    None
 Lee's Rapid Deconstruct  Erth           #####.....   78%         5    None
 Simulacrum               Ice/Necr       ######....   78%         6    ##.....
 Conjure Ball Lightning   Conj/Air       ######....   95%         6    ##.....
 Excruciating Wounds      Chrm/Necr      ######....   11%         5    None
 Petrify                  Tmut/Erth      #####...     43%         4    None
 Orb of Destruction       Conj           ####......   100%        7    ####...
 Tornado                  Air            ######....   100%        9    #######
 Leda's Liquefaction      Hex/Erth       ######....   19%         4    None
 Darkness                 Hex            ######....   75%         6    ##.....
 Inner Flame              Hex/Fire       #####...     9%          3    None
 Iskenderun's Battlesphe  Conj/Chrm      #####...     78%         5    None
 Fulminant Prism          Conj/Hex       #####.....   28%         4    None
 Dazzling Spray           Conj/Hex       #####.       9%          3    None
 Force Lance              Conj/Tloc      #####...     26%         4    None
 Searing Ray              Conj           ####..       16%         2    None
 Discord                  Hex            ######....   100%        8    ######.
 Summon Forest            Summ/Tloc      ######....   11%         5    None
 Summon Guardian Golem    Hex/Summ       ######..     1%          3    None
 Spellforged Servitor     Conj/Summ      ######....   100%        7    ####...
 Summon Mana Viper        Hex/Summ       ######..     13%         5    None
 Hydra Form               Tmut           #####.....   100%        6    ##.....
 Irradiate                Conj/Tmut      ####......   89%         5    None
 Gell's Gravitas          Tloc           ######....   1%          3    None
 Yara's Violent Unravell  Hex/Tmut       ######....   47%         5    None
 Poisonous Vapours        Pois/Air       ######       2%          2    None
 Ignition                 Fire           ####......   100%        8    ######.


Dungeon Overview and Level Annotations

Branches:
Dungeon (15/15)            Temple (0/1) D:7            Lair (6/6) D:8
  Swamp (4/4) Lair:3        Snake (4/4) Lair:3        Slime (5/5) Lair:6
    Orc (2/2) D:9             Elf (3/3) Orc:2        Vaults (5/5) D:14
  Crypt (3/3) Vaults:2       Tomb (1/3) Crypt:3      Depths (5/5) D:15
   Hell (1/1)                 Dis (0/7) Hell            Geh (0/7) Hell
    Coc (7/7) Hell            Tar (0/7) Hell            Zot (4/5) Depths:5

Altars:
Ashenzari
Cheibriados
Elyvilon
Fedhas
Kikubaaqudgha
Okawaru
Qazlal
Trog
Vehumet
Wu Jian
Xom
Yredelemnul
Jiyva

Shops:
D:9 (:   D:14 (   D:15 %   Orc:2 =((:   Elf:2 ?%   Snake:2 =   Vaults:1 :
Vaults:2 :   Depths:5 [*

Portals:
Hell: Depths:1 Depths:2 Depths:3 Depths:4 Depths:5
Abyss: Depths:1 Depths:3 Depths:4
Pandemonium: Depths:3 Depths:5

Annotations:
Coc:7 Antaeus


Innate Abilities, Weirdness & Mutations

You are too large for most types of armour.
You have tough skin. (AC +1)
You are robust. (+10% HP)
You occasionally shout uncontrollably at your foes.
You are very weak. (Str -4)
You expend magic power (3 MP) to strengthen your wands.


Message History

Your skin is crawling a little less now.
Throwing (i - inventory. (/) - cycle)
c - 59 large rocks (quivered)
Press: ? - help, Shift-Dir - straight line, f/p - Antaeus
Aim: Antaeus, wielding an enchanted spear, wearing the +9 scales of the Dragon King {rPois rF+ rC+ MR+} and wearing a scintillating turquoise ring (heavily wounded, unusually strong)
Okay, then.
Throwing (i - inventory. (/) - cycle)
c - 59 large rocks (quivered)
Press: ? - help, Shift-Dir - straight line, f/p - Antaeus
Aim: Antaeus, wielding an enchanted spear, wearing the +9 scales of the Dragon King {rPois rF+ rC+ MR+} and wearing a scintillating turquoise ring (heavily wounded, unusually strong)
You throw a large rock. The large rock hits Antaeus!!!!
Antaeus is severely wounded.
Antaeus gestures at you. The bolt of lightning hits you! You resist.
* * * LOW HITPOINT WARNING * * *
Throwing (i - inventory. (/) - cycle)
c - 58 large rocks (quivered)
Press: ? - help, Shift-Dir - straight line, f/p - Antaeus
Aim: Antaeus, wielding an enchanted spear, wearing the +9 scales of the Dragon King {rPois rF+ rC+ MR+} and wearing a scintillating turquoise ring (severely wounded, unusually strong)
You throw a large rock. The large rock hits Antaeus!
Antaeus is severely wounded.
Antaeus gestures at you. The bolt of lightning misses you.
Throwing (i - inventory. (/) - cycle)
c - 57 large rocks (quivered)
Press: ? - help, Shift-Dir - straight line, f/p - Antaeus
Aim: Antaeus, wielding an enchanted spear, wearing the +9 scales of the Dragon King {rPois rF+ rC+ MR+} and wearing a scintillating turquoise ring (severely wounded, unusually strong)
You throw a large rock. The large rock hits Antaeus!!!
Antaeus is severely wounded.
The ice encasing you melts away. Antaeus gestures at you.
The flash freeze hits you! You partially resist.
* * * LOW HITPOINT WARNING * * *
You are encased in ice.
Throwing (i - inventory. (/) - cycle)
c - 56 large rocks (quivered)
Press: ? - help, Shift-Dir - straight line, f/p - Antaeus
Aim: Antaeus, wielding an enchanted spear, wearing the +9 scales of the Dragon King {rPois rF+ rC+ MR+} and wearing a scintillating turquoise ring (severely wounded, unusually strong)
You throw a large rock. The large rock hits Antaeus!!
Antaeus is severely wounded.
Casting: Blink (safe; 1% risk of failure)
Confirm with . or Enter, or press ? or * to list all spells.
You blink.
Antaeus hits you from afar with an enchanted spear!!!!
You die...

#####≈≈≈≈≈≈≈...≈≈≈≈≈≈≈#
#####≈≈≈≈≈......≈≈≈≈≈≈#
#####≈≈≈≈.........≈≈≈≈#
#####≈≈≈...........≈≈≈#
#####≈≈.............≈≈#
#####≈.....# #.....≈#
#####≈....# #....≈#
#####≈....# #....≈#
#####≈.@..# #....≈#
#####≈..((# #≈...≈#
#####≈≈..C## ##≈≈..≈#
#####≈≈..4.#####.≈..≈≈#
#####≈≈≈.§.........≈≈##
#####≈≈≈....^......≈≈#
#####≈≈≈≈.........≈≈##
#####≈≈≈≈≈.....≈≈≈≈##
####≈≈≈≈≈≈≈≈≈≈≈≈≈≈#


You could see Antaeus and an ice devil.

Vanquished Creatures
  Cerebov (Pan)
  the Royal Jelly (Slime:5)
  Gloorx Vloq (Pan)
  Lom Lobon (Pan)
  Mnoleg (Pan)
  2 ancient liches (Crypt:3)
  Mara (Depths:1)
  Mennas (Pan)
  2 juggernauts
  A greater mummy (Tomb:1)
  7 pandemonium lords
  Sojobo (Vaults:4)
  Bai Suzhen (Swamp:4)
  A Killer Klown (Zig:8)
  15 shard shrikes
  Vashnia (Snake:4)
  Geryon (Hell)
  Xtahua (Vaults:4)
  Nikola (Elf:1)
  3 golden dragons
  3 bone dragons
  The ghost of galech the Warrior, an adept OgBe of Trog (Snake:4)
  A doom hound (Zig:15)
  4 Brimstone Fiends
  Jorgrun (Vaults:2)
  8 Tzitzimimeh
  12 Ice Fiends
  6 liches
  Rupert (D:14)
  A Hell Sentinel (Pan)
  6 tentacled monstrosities
  Asterion (Snake:4)
  13 titans
  3 deep elf blademasters
  3 quicksilver dragons
  19 acid blobs
  15 sphinxes
  2 deep elf master archers (Elf:3)
  17 Executioners (Pan)
  3 tentacled starspawn
  2 sphinxes (shapeshifter) (Depths:3)
  11 ancient champions
  Kirke (Snake:4)
  A thorn hunter (Swamp:3)
  Agnes (Elf:2)
  6 tengu reavers
  9 storm dragons
  6 shadow dragons
  Donald (Crypt:2)
  7 revenants
  15 nagarajas
  3 blood saints
  4 draconian monks
  A daeva (Depths:4)
  10 azure jellies (Slime:5)
  13 frost giants
  11 fire giants
  4 iron dragons
  Aizul (Snake:1)
  2 deep elf sorcerers
  Louise (D:14)
  2 draconian knights (Zig:16)
  23 balrugs
  19 vault wardens
  16 cacodemons (Pan)
  A juggernaut zombie (Zig:9)
  5 warmongers
  5 curse skulls
  4 deep elf elementalists
  5 draconian shifters
  3 draconian stormcallers (Zig:16)
  5 draconian annihilators
  A caustic shrike zombie (Zig:9)
  5 draconian scorchers
  2 spriggan defenders
  An angel (Pan)
  8 war gargoyles
  22 reapers
  A caustic shrike skeleton (Crypt:2)
  4 ghouls
  40 very ugly things
  22 ironheart preservers
  3 elemental wellsprings (Coc:7)
  22 stone giants
  The ghost of Meatbag the Severer, a journeyman MiBe of Trog (Lair:5)
  6 entropy weavers
  3 black suns
  4 black draconians
  4 deep elf demonologists
  2 green draconians
  7 vampire knights
  A purple draconian (Zig:16)
  5 white draconians
  6 deep elf annihilators
  3 lorocyprocas
  3 red draconians
  2 yellow draconians
  8 corrupters (Pan)
  A spark wasp (shapeshifter) (Depths:3)
  Azrael (D:15)
  A minotaur (shapeshifter) (Depths:3)
  2 eidola
  20 blizzard demons
  13 ettins
  11 mummy priests
  10 green deaths
  8 fire dragons
  11 death oozes
  13 deep elf death magi
  10 crystal guardians
  22 yaktaur captains
  A quicksilver dragon zombie (Coc:6)
  A kraken zombie (Coc:6)
  6 jiangshi (Crypt:3)
  9 rakshasas
  15 great orbs of eyes
  5 spriggan air magi
  6 deep elf high priests
  34 ice dragons
  A monstrous demonspawn (Pan)
  3 quicksilver dragon skeletons
  13 hydras
  32 vault guards
  2 hell beasts (Swamp:4)
  2 ghost crabs
  4 death knights
  10 anacondas
  4 catoblepae
  16 naga warriors
  58 two-headed ogres
  12 alligators
  A death yak (shapeshifter) (Zig:8)
  23 death scarabs (Tomb:1)
  23 ogre magi
  12 centaur warriors
  6 death yaks
  8 deep troll earth magi
  43 dancing weapons
  2 queen ants (shapeshifter) (Depths:3)
  5 vampire magi (Zig:14)
  3 hell hogs (Hell)
  12 tengu warriors
  6 deep troll shamans
  Urug (D:14)
  A shock serpent (shapeshifter) (Zig:7)
  A spriggan berserker (Depths:4)
  4 shock serpents
  2 thrashing horrors
  A storm dragon zombie (Crypt:3)
  Sonja (D:15)
  44 sun demons
  4 wretched stars
  16 naga sharpshooters
  20 deep elf knights
  11 hell knights
  7 titan skeletons
  5 salamander mystics
  4 storm dragon skeletons
  17 soul eaters
  4 iron trolls
  17 shadow wraiths
  A quicksilver dragon simulacrum (Coc:7)
  13 sixfirhies
  43 skeletal warriors
  3 unseen horrors
  An entropy weaver zombie (Crypt:2)
  2 ghost moth zombies
  12 anaconda zombies
  2 golden dragon zombies
  An unseen horror (shapeshifter) (Depths:3)
  9 shadow demons
  A death drake (shapeshifter) (Vaults:2)
  14 flayed ghosts
  30 deep trolls
  14 naga ritualists
  7 torturous demonspawn (Pan)
  A glowing orange brain (shapeshifter) (Zig:12)
  4 swamp dragons
  A shambling mangrove (Swamp:3)
  5 obsidian statues
  An orange crystal statue (Elf:1)
  A golden dragon skeleton (Coc:6)
  3 gelid demonspawn (Pan)
  20 ironbrand convokers
  6 spriggan druids
  A shadow dragon zombie (Zig:15)
  12 glowing orange brains
  8 infernal demonspawn (Pan)
  13 phantasmal warriors
  12 wizards
  13 deep elf archers
  3 harpies (Vaults:3)
  3 wolf spiders
  2 anaconda skeletons
  5 necromancers
  14 mana vipers
  2 harpies (shapeshifter)
  A wolf spider zombie (D:15)
  6 iron dragon zombies
  16 orc knights
  3 shadow dragon skeletons
  A tengu skeleton (Zig:15)
  64 deep elf magi
  8 cyclopes
  4 oklob plants
  4 shining eyes
  A manticore (shapeshifter) (Zig:7)
  3 stone giant zombies
  An orb spider (Abyss:1)
  2 fauns (shapeshifter)
  4 frost giant zombies
  4 moths of wrath
  A salamander (shapeshifter) (Vaults:1)
  8 elephants
  13 salamanders
  5 manticores
  43 slime creatures
  5 rust devils
  83 ugly things
  2 dire elephant zombies (Coc:4)
  2 fire giant skeletons
  An iron dragon skeleton (Coc:3)
  4 fire giant zombies
  A centaur zombie (D:13)
  An eye of devastation (Slime:5)
  17 naga magi
  2 frost giant skeletons
  2 ice statues
  31 black mambas
  3 apocalypse crabs (Zig:8)
  6 guardian serpents
  4 stone giant skeletons
  8 gargoyles
  26 smoke demons
  16 vault sentinels
  23 orange demons
  2 centaur skeletons
  3 shock serpent skeletons
  A molten gargoyle (Depths:3)
  5 rime drakes
  A torpor snail (shapeshifter) (Zig:11)
  A dire elephant skeleton (Coc:4)
  A spiny frog (shapeshifter) (Vaults:2)
  21 spiny frogs
  2 spriggan zombies
  5 spectral swamp worms (Depths:1)
  An emperor scorpion zombie (Coc:7)
  16 demonic crawlers
  8 efreet
  2 elf skeletons
  6 hellions
  A kobold demonologist (D:15)
  75 yaktaurs
  33 ice devils
  7 komodo dragons
  2 anaconda simulacra
  A yaktaur (shapeshifter) (Depths:3)
  14 tormentors
  2 ancient zymes
  16 guardian mummies
  34 freezing wraiths
  20 hellwings
  A harpy zombie (D:13)
  14 hydra zombies
  A queen bee (shapeshifter) (Depths:2)
  8 tengu conjurers
  23 red devils
  A wind drake (shapeshifter) (Depths:4)
  3 silent spectres
  3 meliai (shapeshifter)
  A troll (shapeshifter) (Vaults:2)
  A death drake zombie (Crypt:2)
  11 trolls
  The ghost of B1inky the Ducker, an amateur DgGl (D:4)
  A jumping spider (shapeshifter) (Depths:4)
  16 wind drakes
  8 tyrant leeches
  22 hornets
  5 harpy skeletons
  A jumping spider (Vaults:2)
  7 blink frogs
  2 polar bears (Lair:4)
  4 hydra skeletons
  A guardian serpent zombie (Crypt:1)
  15 bog bodies
  A fire giant simulacrum (Coc:4)
  7 alligator zombies
  2 ettin zombies
  A dream sheep (shapeshifter) (Depths:3)
  A stone giant simulacrum (Vaults:3)
  2 fire dragon zombies
  7 hippogriffs
  36 flying skulls
  14 ynoxinuls (Pan)
  2 fire dragon skeletons
  2 ice dragon skeletons
  2 meliai zombies
  34 spriggans
  9 air elementals
  10 shadows
  18 starcursed masses
  13 redbacks
  A spriggan (shapeshifter) (Depths:4)
  15 water elementals
  A black mamba zombie (Crypt:3)
  2 tarantellas (Vaults:1)
  8 wyverns
  49 yaks
  4 ettin skeletons
  13 wraiths
  16 fire elementals
  6 fire bats (Volcano)
  15 golden eyes
  4 hogs (Snake:4)
  20 neqoxecs
  2 yaks (shapeshifter)
  3 ushabtiu
  4 alligator skeletons
  A basilisk (Lair:2)
  3 humans (shapeshifter)
  7 hungry ghosts
  2 hogs (shapeshifter)
  17 vampire mosquitoes
  A basilisk (shapeshifter) (Vaults:1)
  32 chaos spawn (Pan)
  A wind drake skeleton (Crypt:1)
  3 wargs
  12 insubstantial wisps
  56 nagas
  13 swamp worms
  An acid dragon (D:8)
  8 water moccasins
  A two-headed ogre zombie (Crypt:3)
  2 small abominations
  A soldier ant (D:13)
  3 soldier ants (shapeshifter)
  A swamp worm (shapeshifter) (Depths:3)
  2 hydra simulacra
  2 floating eyes (shapeshifter)
  10 hell hounds
  A merfolk skeleton (Pan)
  24 orc warriors
  4 spiny frog zombies
  A floating eye (Pan)
  11 porcupines
  2 sky beasts
  2 spiny frog skeletons
  14 ice beasts
  11 swamp drakes
  An ettin simulacrum (Crypt:3)
  7 necrophages
  An alligator simulacrum (Hell)
  59 ogres
  A black bear (shapeshifter) (Vaults:1)
  3 eyes of draining
  4 phantoms
  5 black bears
  15 wolves
  25 large abominations
  10 boggarts
  16 centaurs
  4 snapping turtle skeletons
  15 crocodiles
  A big kobold (D:13)
  A draconian zombie (Crypt:1)
  5 human zombies (Vaults:2)
  14 bullfrogs
  A komodo dragon skeleton (Crypt:2)
  2 spiny frog simulacra (Coc:4)
  7 earth elementals
  4 wyvern zombies
  A troll zombie (D:9)
  12 killer bees
  7 scorpions
  A yak skeleton (Crypt:2)
  3 howler monkeys
  19 wights
  A raiju skeleton (Crypt:3)
  5 electric eels
  3 crimson imps
  A bullfrog zombie (D:3)
  7 lava snakes (Volcano)
  An elf simulacrum (Crypt:3)
  2 human simulacra
  2 quasits
  7 hounds
  14 jellies
  15 orc priests
  3 iron imps (Hell)
  28 orc wizards
  A bullfrog skeleton (D:5)
  Ijyb (D:4)
  8 iguanas
  10 hell rats
  A human skeleton (Crypt:3)
  A lightning spire (Zig:9)
  7 worker ants
  A naga zombie (Crypt:1)
  5 ogre zombies (D:9)
  A deep dwarf zombie (Crypt:3)
  A crocodile skeleton (Crypt:3)
  A deep dwarf skeleton (Crypt:3)
  An ogre skeleton (Crypt:3)
  A hound skeleton (D:4)
  10 mummies
  2 worker ant zombies
  A howler monkey zombie (D:8)
  2 gnolls
  A howler monkey skeleton (D:6)
  16 adders
  A swamp drake zombie (Crypt:1)
  6 shadow imps
  17 white imps
  18 oozes
  A lava snake zombie (Crypt:3)
  An adder skeleton (D:8)
  A lava snake skeleton (Crypt:1)
  3 worms
  9 ball lightnings (Pan)
  A dart slug (D:1)
  10 leopard geckos
  93 orcs
  2 ball pythons (D:4)
  8 bats
  A bat skeleton (Crypt:2)
  10 giant cockroaches
  6 hobgoblins
  9 jackals
  6 quokkas
  7 frilled lizards
  11 goblins
  A goblin skeleton (D:9)
  A goblin zombie (D:9)
  2 hobgoblin skeletons (D:9)
  5 hobgoblin zombies (D:9)
  A jackal skeleton (D:8)
  14 kobolds
  A kobold zombie (Coc:7)
  3 orc skeletons (D:9)
  7 orc zombies (D:9)
  A quokka zombie (D:8)
  5 rats (D:1)
  5 crawling corpses (Vaults:5)
  3 fire vortices (Pan)
  4 fungi
  A lurking horror (Abyss:3)
  A plant (Lair:6)
  2 starspawn tentacles (Abyss:1)
  3 tentacles (Coc:6)
3610 creatures vanquished.

Vanquished Creatures (collateral kills)
  An acid blob (Slime:4)
  An alligator (Swamp:1)
  2 ugly things (Swamp:4)
  An orange demon (Pan)
  A hornet (Swamp:1)
  A bog body (Swamp:4)
  3 slime creatures (Slime:4)
  A golden eye (Slime:4)
  A chaos spawn (Pan)
  A neqoxec (Pan)
  An orc (Bailey)
14 creatures vanquished.

Vanquished Creatures (others)
  2 eldritch tentacles
  A nagaraja (Zig:13)
  A wizard (Pan)
  A hellwing (Pan)
  2 wind drakes
  A neqoxec (Pan)
  A floating eye (Pan)
  A hell hound (Hell)
  4 orc warriors (Bailey)
  An ogre (Vaults:5)
  A white imp (Abyss:4)
  7 ball lightnings
  13 fungi
  8 plants
  4 spectral weapons (Pan)
  3 starspawn tentacles (Abyss:4)
  6 tentacles (Coc:6)
57 creatures vanquished.

Grand Total: 3681 creatures vanquished

Notes
Turn   | Place    | Note
-------+----------+-------------------------------------------
     0 | D:1      | glosham the Ogre Arcane Marksman began the quest for the Orb.
     0 | D:1      | Reached XP level 1. HP: 19/19 MP: 2/2
   196 | D:1      | Reached XP level 2. HP: 26/28 MP: 3/3
   217 | D:1      | Reached skill level 2 in Fighting
   442 | D:1      | Reached skill level 3 in Throwing
   736 | D:1      | Reached XP level 3. HP: 33/36 MP: 2/4
   828 | D:2      | Learned a level 3 spell: Portal Projectile
   933 | D:2      | Reached XP level 4. HP: 39/44 MP: 2/5
   939 | D:2      | Reached skill level 3 in Fighting
  1257 | D:2      | Reached skill level 4 in Throwing
  1615 | D:3      | Reached XP level 5. HP: 51/53 MP: 0/6
  1725 | D:3      | Found a snail-covered altar of Cheibriados.
  1725 | D:3      | Found a faded altar of an unknown god.
  1730 | D:3      | Found a blossoming altar of Fedhas.
  1733 | D:3      | Became a worshipper of Cheibriados the Contemplative
  1736 | D:3      | Found a radiant altar of Vehumet.
  1738 | D:3      | Found a faded altar of an unknown god.
  1926 | D:3      | Reached skill level 4 in Fighting
  2037 | D:4      | Reached skill level 5 in Throwing
  2051 | D:4      | Reached * piety under Cheibriados
  2067 | D:4      | Reached XP level 6. HP: 50/63 MP: 1/7
  2091 | D:4      | Found a runed door.
  2091 | D:4      | Noticed B1inky's ghost (amateur DgGl)
  2183 | D:4      | Killed B1inky's ghost
  2183 | D:4      | Reached skill level 5 in Fighting
  2183 | D:4      | Reached skill level 6 in Throwing
  2183 | D:4      | Reached XP level 7. HP: 42/72 MP: 8/8
  2302 | D:4      | Noticed Ijyb
  2308 | D:4      | Killed Ijyb
  2336 | D:4      | Reached skill level 6 in Fighting
  2351 | D:4      | Reached skill level 7 in Throwing
  2476 | D:4      | Found a stormy altar of Qazlal.
  2595 | D:4      | Found a white marble altar of Elyvilon.
  2695 | D:4      | Found an ancient bone altar of Kikubaaqudgha.
  2727 | D:5      | Entered Level 5 of the Dungeon
  2752 | D:5      | Reached ** piety under Cheibriados
  2939 | D:5      | Reached XP level 8. HP: 78/84 MP: 9/9
  3109 | D:5      | Reached skill level 7 in Fighting
  3139 | D:5      | Reached skill level 8 in Throwing
  3533 | D:6      | Found a bloodstained altar of Trog.
  3691 | D:6      | Found an ornate altar of the Wu Jian Council.
  3858 | D:6      | Reached *** piety under Cheibriados
  4030 | D:6      | Reached skill level 8 in Fighting
  4030 | D:6      | Reached skill level 9 in Throwing
  4277 | D:7      | Noticed a shadow
  4298 | D:7      | Killed a shadow
  4298 | D:7      | Reached XP level 9. HP: 53/97 MP: 8/10
  4351 | D:7      | Reached skill level 9 in Fighting
  4351 | D:7      | Reached skill level 10 in Throwing
  4846 | D:7      | Found a blossoming altar of Fedhas.
  4998 | D:7      | Found a staircase to the Ecumenical Temple.
  5038 | D:7      | Reached **** piety under Cheibriados
  5543 | D:8      | Reached skill level 10 in Fighting
  5543 | D:8      | Reached skill level 11 in Throwing
  5655 | D:8      | Noticed a two-headed ogre
  5679 | D:8      | Killed a two-headed ogre
  5679 | D:8      | Reached XP level 10. HP: 72/111 MP: 11/11
  5739 | D:8      | Found a staircase to the Lair.
  5969 | D:8      | Reached skill level 11 in Fighting
  5969 | D:8      | Reached skill level 12 in Throwing
  6112 | D:8      | Noticed a two-headed ogre
  6117 | D:8      | Killed a two-headed ogre
  6117 | D:8      | Reached ***** piety under Cheibriados
  6504 | D:9      | Reached skill level 12 in Fighting
  6504 | D:9      | Reached skill level 13 in Throwing
  6546 | D:9      | Reached XP level 11. HP: 123/123 MP: 9/12
  6698 | D:9      | Found Maumue's Book Emporium.
  6965 | D:9      | Found a staircase to the Orcish Mines.
  7165 | D:9      | Learned a level 2 spell: Blink
  7167 | D:9      | Learned a level 1 spell: Beastly Appendage
  7280 | D:9      | Found Siats's Weapon Emporium.
  7359 | D:10     | Entered Level 10 of the Dungeon
  7667 | D:10     | Identified the cursed +1 robe of Lugonu's Generosity {rC+} (You found it on level 10 of the Dungeon)
  7978 | D:10     | Reached skill level 14 in Throwing
  8000 | D:10     | Reached skill level 13 in Fighting
  8050 | D:10     | Reached ****** piety under Cheibriados
  8120 | D:10     | Noticed an obsidian statue
  8122 | D:10     | Killed an obsidian statue
  8131 | D:10     | Identified the Guide on Sinister Flames
  8185 | D:11     | Found a stormy altar of Qazlal.
  8288 | D:11     | Noticed a green ugly thing
  8292 | D:11     | Killed a green ugly thing
  8312 | D:11     | Noticed a manticore
  8319 | D:11     | Killed a manticore
  8402 | D:11     | HP: 9/127 [troll (6)]
  8479 | D:11     | Learned a level 2 spell: Passwall
  8590 | D:11     | Reached XP level 12. HP: 94/137 MP: 13/13
  8830 | D:9      | Bought a book of Cantrips for 260 gold pieces
  8832 | D:9      | Learned a level 1 spell: Apportation
  9542 | D:11     | Reached skill level 15 in Throwing
  9728 | D:12     | Reached skill level 2 in Spellcasting
  9728 | D:12     | Reached skill level 1 in Translocations
  9815 | D:12     | Found a flagged portal.
  9828 | Bailey   | Entered a bailey
  9919 | Bailey   | Found the +0 mask of the Dragon {MR+ Slay+3 SInv}
  9929 | Bailey   | Reached skill level 14 in Fighting
 10702 | Orc:1    | Entered Level 1 of the Orcish Mines
 11080 | Orc:2    | Entered Level 2 of the Orcish Mines
 11080 | Orc:2    | Noticed a stone giant
 11081 | Orc:2    | Noticed a stone giant
 11083 | Orc:2    | Killed a stone giant
 11087 | Orc:2    | Killed a stone giant
 11087 | Orc:2    | Reached skill level 16 in Throwing
 11105 | Orc:2    | Noticed an ettin
 11111 | Orc:2    | Killed an ettin
 11198 | Orc:2    | Found a dark tunnel.
 11234 | Volcano  | Entered a volcano
 11275 | Volcano  | Reached skill level 15 in Fighting
 11573 | Volcano  | Reached XP level 13. HP: 136/149 MP: 16/16
 11612 | Volcano  | Found a bloodstained altar of Trog.
 11675 | Volcano  | Found a bloodstained altar of Trog.
 11806 | Orc:2    | Found a staircase to the Elven Halls.
 11928 | Orc:2    | Found Emmy's Book Shoppe.
 12050 | Orc:2    | Reached skill level 17 in Throwing
 12140 | Orc:2    | Reached skill level 16 in Fighting
 12352 | Orc:2    | Found Nehoupso's Weapon Shoppe.
 12427 | Orc:2    | Found Jibeussigyo's Jewellery Boutique.
 12441 | Orc:2    | Found Varchuda's Antique Weapon Emporium.
 12482 | Orc:2    | Bought a +2 ring of evasion for 130 gold pieces
 12797 | D:13     | Learned a level 4 spell: Passage of Golubria
 12866 | D:13     | Reached skill level 18 in Throwing
 12954 | D:13     | Reached XP level 14. HP: 150/163 MP: 17/17
 13082 | D:13     | Reached skill level 2 in Translocations
 13184 | D:13     | Reached skill level 3 in Spellcasting
 13239 | D:13     | Found a shattered altar of Ashenzari.
 13557 | D:13     | Reached skill level 17 in Fighting
 13835 | D:14     | Noticed Rupert
 13965 | D:14     | Paralysed by Rupert for 2 turns
 13972 | D:14     | Killed Rupert
 13972 | D:14     | Reached skill level 3 in Axes
 14021 | D:14     | Found Kevu's Antique Weapon Emporium.
 14049 | D:14     | Noticed Urug
 14052 | D:14     | Killed Urug
 14090 | D:14     | Reached skill level 4 in Axes
 14334 | D:14     | Noticed Louise
 14357 | D:14     | Killed Louise
 14357 | D:14     | Reached skill level 5 in Axes
 14584 | D:14     | Reached skill level 6 in Axes
 14663 | D:14     | Found a gate to the Vaults.
 14675 | D:14     | Reached skill level 7 in Axes
 14730 | D:15     | Entered Level 15 of the Dungeon
 14794 | D:15     | Found Cesudi's Food Shoppe.
 14836 | D:15     | Reached skill level 8 in Axes
 14911 | D:15     | Noticed Sonja
 14941 | D:15     | Reached skill level 9 in Axes
 14955 | D:15     | Found a staircase to the Depths.
 14955 | D:15     | Noticed a fire giant
 14959 | D:15     | Killed a fire giant
 14959 | D:15     | Reached XP level 15. HP: 164/174 MP: 17/19
 14981 | D:15     | Killed Sonja
 15029 | D:15     | Noticed Azrael
 15036 | D:15     | Killed Azrael
 15044 | D:15     | Reached skill level 10 in Axes
 15516 | Lair:1   | Entered Level 1 of the Lair of Beasts
 15672 | Lair:1   | Upgraded the game from 0.22-a0-757-gdba82d8 to 0.22-a0-772-gac08f70
 15823 | Lair:1   | Reached skill level 11 in Axes
 16537 | Lair:3   | Found a staircase to the Snake Pit.
 16783 | Lair:3   | Found a staircase to the Swamp.
 16854 | Lair:3   | Reached skill level 12 in Axes
 17656 | Lair:5   | Found a runed gate.
 17656 | Lair:5   | Found a runed gate.
 17656 | Lair:5   | Found a runed gate.
 17657 | Lair:5   | Noticed Meatbag's ghost (journeyman MiBe)
 17676 | Lair:5   | Reached skill level 13 in Axes
 17700 | Lair:5   | Killed Meatbag's ghost
 18249 | Lair:6   | Entered Level 6 of the Lair of Beasts
 18286 | Lair:6   | Found a staircase to the Slime Pits.
 18579 | Lair:6   | Reached XP level 16. HP: 183/183 MP: 20/20
 18644 | Lair:6   | Reached skill level 14 in Axes
 19094 | Elf:1    | Entered Level 1 of the Elven Halls
 19252 | Elf:1    | Reached skill level 15 in Axes
 19694 | Elf:1    | HP: 14/183 [deep elf archer/arrow (33)]
 19782 | Elf:1    | Noticed Nikola
 19787 | Elf:1    | Killed Nikola
 19787 | Elf:1    | Reached skill level 16 in Axes
 19864 | Elf:1    | Found a gateway to a bazaar.
 19875 | Bazaar   | Entered a bazaar
 19876 | Bazaar   | Found Bigotop's Jewellery Shoppe.
 19887 | Bazaar   | Found Mogaiga's Antique Armour Boutique.
 19898 | Bazaar   | Found Lytapheh's Distillery.
 19900 | Bazaar   | Found Naobi's General Store.
 19917 | Bazaar   | Found Xoen's Antique Weapon Boutique.
 19936 | Bazaar   | Bought a scroll of enchant armour for 112 gold pieces
 19936 | Bazaar   | Bought a potion of curing for 45 gold pieces
 19936 | Bazaar   | Bought a scroll of identify for 30 gold pieces
 19936 | Bazaar   | Bought a scroll of identify for 30 gold pieces
 19936 | Bazaar   | Bought a scroll of immolation for 52 gold pieces
 19936 | Bazaar   | Bought a scroll of identify for 30 gold pieces
 19944 | Bazaar   | Bought a potion of heal wounds for 45 gold pieces
 19944 | Bazaar   | Bought a potion of curing for 27 gold pieces
 19944 | Bazaar   | Bought a potion of magic for 72 gold pieces
 19944 | Bazaar   | Bought a potion of mutation for 72 gold pieces
 19944 | Bazaar   | Bought a potion of brilliance for 36 gold pieces
 19944 | Bazaar   | Bought a potion of brilliance for 36 gold pieces
 19944 | Bazaar   | Bought a potion of mutation for 72 gold pieces
 19944 | Bazaar   | Bought a potion of lignification for 27 gold pieces
 19944 | Bazaar   | Bought a potion of heal wounds for 45 gold pieces
 19955 | Bazaar   | Bought a glowing scarf for 240 gold pieces
 19986 | Bazaar   | Bought an uncursed ring of wizardry for 540 gold pieces
 20141 | Elf:1    | HP: 8/183 [deep elf archer/arrow (30)]
 20541 | D:15     | Learned a level 1 spell: Animate Skeleton
 20781 | Swamp:1  | Entered Level 1 of the Swamp
 21696 | Swamp:1  | Reached skill level 2 in Dodging
 21725 | Swamp:2  | Reached skill level 1 in Invocations
 21760 | Swamp:2  | Reached skill level 2 in Invocations
 21760 | Swamp:2  | Reached XP level 17. HP: 157/191 MP: 19/21
 21814 | Swamp:2  | Reached skill level 3 in Dodging
 21854 | Swamp:2  | Upgraded the game from 0.22-a0-772-gac08f70 to 0.22-a0-776-ge6d7efa
 21871 | Swamp:2  | HP: 19/191 [alligator (14)]
 21872 | Swamp:2  | HP: 7/191 [alligator (7)]
 21873 | Swamp:2  | Reached skill level 3 in Invocations
 22135 | Swamp:2  | Reached skill level 4 in Invocations
 22226 | Swamp:2  | Reached skill level 4 in Dodging
 22551 | Swamp:3  | Reached skill level 5 in Invocations
 22578 | Swamp:3  | Reached skill level 5 in Dodging
 22701 | Swamp:3  | Reached skill level 6 in Invocations
 23065 | Swamp:3  | Learned a level 4 spell: Cause Fear
 23067 | Swamp:4  | Entered Level 4 of the Swamp
 23107 | Swamp:4  | Noticed Bai Suzhen
 23120 | Swamp:4  | Killed Bai Suzhen
 23120 | Swamp:4  | Reached skill level 6 in Dodging
 23308 | Swamp:3  | Reached skill level 7 in Dodging
 23829 | Swamp:4  | Reached skill level 8 in Dodging
 24117 | Swamp:4  | Reached skill level 9 in Dodging
 24286 | Swamp:4  | Got a decaying rune of Zot
 24820 | Elf:2    | Reached XP level 18. HP: 172/200 MP: 22/22
 24863 | Elf:2    | Reached skill level 10 in Dodging
 24873 | Elf:2    | Reached skill level 1 in Armour
 24890 | Elf:2    | Found Ruddaheo's Magic Scroll Boutique.
 24916 | Elf:2    | Bought a scroll of enchant armour for 105 gold pieces
 24916 | Elf:2    | Bought a scroll of summoning for 133 gold pieces
 24916 | Elf:2    | Bought a scroll of enchant weapon for 105 gold pieces
 24916 | Elf:2    | Bought a scroll of remove curse for 42 gold pieces
 25001 | Elf:2    | Reached skill level 2 in Armour
 25204 | Elf:2    | Reached skill level 7 in Invocations
 25231 | Elf:2    | Found Oxyus's Food Shop.
 25385 | Elf:2    | Found a runed gate.
 25385 | Elf:2    | Found a runed gate.
 25385 | Elf:2    | Found a runed gate.
 25402 | Elf:2    | Noticed a deep elf blademaster
 25424 | Elf:2    | Killed a deep elf blademaster
 25424 | Elf:2    | Reached skill level 3 in Armour
 25496 | Elf:2    | Noticed Agnes
 25506 | Elf:2    | Killed Agnes
 25642 | Elf:2    | Reached skill level 8 in Invocations
 25698 | Elf:2    | Reached skill level 17 in Axes
 26276 | Snake:1  | Entered Level 1 of the Snake Pit
 26412 | Snake:1  | Reached skill level 4 in Spellcasting
 26507 | Snake:1  | Found the +9 sword of Zonguldrok {reap}
 26720 | Snake:1  | Noticed Aizul
 26732 | Snake:1  | Killed Aizul
 26799 | Snake:1  | Reached skill level 4 in Armour
 27232 | Snake:2  | Found Lampo's Jewellery Boutique.
 27240 | Snake:2  | Bought the ring of Lucidity {rC+ MR+ Dex+2} for 710 gold pieces
 27703 | Snake:3  | Reached skill level 5 in Spellcasting
 27707 | Snake:3  | Reached skill level 3 in Translocations
 27737 | Snake:3  | Reached skill level 9 in Invocations
 27737 | Snake:3  | Reached XP level 19. HP: 189/209 MP: 4/26
 27946 | Snake:3  | Reached skill level 11 in Dodging
 28523 | Snake:4  | Entered Level 4 of the Snake Pit
 28529 | Snake:4  | Noticed Kirke
 28536 | Snake:4  | Killed Kirke
 28626 | Snake:4  | Reached skill level 6 in Spellcasting
 28703 | Snake:4  | Reached skill level 18 in Fighting
 28779 | Snake:4  | Noticed Asterion
 28790 | Snake:4  | Killed Asterion
 28821 | Snake:4  | Noticed Vashnia
 29470 | Snake:4  | Reached skill level 7 in Spellcasting
 29514 | Snake:4  | Found a runed door.
 29518 | Snake:4  | Noticed galech's ghost (adept OgBe)
 29541 | Snake:4  | Killed galech's ghost
 29657 | Snake:4  | Reached skill level 5 in Armour
 29662 | Snake:4  | Reached skill level 1 in Earth Magic
 29667 | Snake:4  | Reached skill level 1 in Transmutations
 29672 | Snake:4  | Reached skill level 10 in Invocations
 29732 | Snake:4  | Killed Vashnia
 29732 | Snake:4  | Reached skill level 4 in Translocations
 29821 | Snake:4  | Reached XP level 20. HP: 223/223 MP: 31/31
 29945 | Snake:4  | Got a serpentine rune of Zot
 30099 | Snake:2  | Bought an uncursed ring of poison resistance for 340 gold pieces
 30556 | Elf:3    | Entered Level 3 of the Elven Halls
 30582 | Elf:3    | Reached skill level 8 in Spellcasting
 30767 | Elf:3    | Reached skill level 18 in Axes
 30852 | Elf:3    | Identified 3 scrolls of acquirement
 30855 | Elf:3    | Identified the amulet of Accord {Gourm +Fly} (You acquired it on level 3 of the Elven Halls)
 30857 | Elf:3    | Identified the ring "Xebourio" {+Blink MP+9 Dex+4 Slay-6} (You acquired it on level 3 of the Elven Halls)
 31158 | Elf:3    | Reached skill level 19 in Fighting
 31302 | Elf:3    | Found the +7 longbow "Piercer" {penet, EV-2}
 31302 | Elf:3    | Found the -2 hat of the Alchemist {rElec rPois rF+ rC+ rN+ MR+ rMut rCorr}
 31461 | Elf:3    | Reached skill level 6 in Armour
 31463 | Elf:3    | Identified the +5 fire dragon scales "Pixabose" {*Contam *Corrode rElec rF++ rC- Dex+9} (You took it off a deep elf blademaster on level 3 of the Elven Halls)
 31900 | Vaults:1 | Entered Level 1 of the Vaults
 32436 | Vaults:1 | Reached skill level 11 in Invocations
 32659 | Vaults:1 | Found Naisime's Book Emporium.
 32672 | Vaults:1 | Bought a book of Necromancy for 510 gold pieces
 32676 | Vaults:1 | Learned a level 3 spell: Regeneration
 32849 | Vaults:1 | Reached skill level 1 in Necromancy
 32854 | Vaults:1 | Reached skill level 12 in Dodging
 32857 | Vaults:1 | Reached skill level 1 in Charms
 32910 | Vaults:1 | Reached XP level 21. HP: 231/236 MP: 33/33
 33021 | Vaults:2 | Upgraded the game from 0.22-a0-776-ge6d7efa to 0.22-a0-782-g038298e
 33024 | Vaults:2 | Noticed Jorgrun
 33031 | Vaults:2 | Killed Jorgrun
 33271 | Vaults:2 | Reached skill level 2 in Necromancy
 33400 | Vaults:2 | Found a staircase to the Crypt.
 33400 | Vaults:2 | Found an ancient bone altar of Kikubaaqudgha.
 33401 | Vaults:2 | Found a basalt altar of Yredelemnul.
 33474 | Vaults:2 | Reached skill level 2 in Charms
 33560 | Vaults:2 | Reached skill level 20 in Fighting
 33964 | Vaults:2 | Found Nyatree's Book Emporium.
 34005 | Vaults:2 | Found a shimmering altar of Xom.
 34030 | Vaults:2 | Reached skill level 9 in Spellcasting
 34110 | Vaults:2 | Reached skill level 3 in Charms
 34110 | Vaults:2 | Reached skill level 3 in Necromancy
 34122 | Vaults:2 | Reached skill level 19 in Axes
 34132 | Vaults:2 | Reached skill level 7 in Armour
 34334 | Vaults:3 | Identified the +2 scythe "Anorakio" {venom, MR+ Dex+3} (You found it on level 3 of the Vaults)
 34627 | Vaults:3 | Found a portal to a secret trove of treasure.
 34862 | Vaults:3 | Reached XP level 22. HP: 249/249 MP: 35/35
 35337 | Depths:1 | Entered Level 1 of the Depths
 35391 | Depths:1 | Reached skill level 21 in Fighting
 35400 | Depths:1 | Reached skill level 13 in Dodging
 35516 | Depths:1 | Reached skill level 20 in Axes
 35527 | Depths:1 | Found a gateway to Hell.
 35756 | Depths:1 | Found a one-way gate to the infinite horrors of the Abyss.
 35767 | Depths:1 | Noticed Mara
 35777 | Depths:1 | Noticed glosham's illusion
 35780 | Depths:1 | Killed Mara
 35780 | Depths:1 | Reached skill level 22 in Fighting
 36135 | Depths:2 | Reached skill level 23 in Fighting
 36510 | Depths:2 | Reached XP level 23. HP: 269/269 MP: 36/36
 36998 | Depths:3 | Reached skill level 24 in Fighting
 37376 | Depths:3 | Reached skill level 25 in Fighting
 37376 | Depths:3 | Noticed a caustic shrike
 37376 | Depths:3 | an iron giant changed into a caustic shrike
 37377 | Depths:3 | a caustic shrike changed into a sphinx
 37412 | Depths:3 | Identified the ring "Zouf Kue" {rCorr rPois} (You found it on level 3 of the Depths)
 37499 | Depths:3 | Found a one-way gate leading to the halls of Pandemonium.
 37585 | Depths:4 | Found an iron altar of Okawaru.
 37692 | Depths:4 | Noticed a golden dragon
 37702 | Depths:4 | Killed a golden dragon
 37995 | Depths:4 | Found a gateway to a ziggurat.
 38329 | Vaults:4 | Reached skill level 26 in Fighting
 38572 | Vaults:4 | Reached XP level 24. HP: 292/292 MP: 36/36
 38749 | Vaults:4 | Noticed Xtahua
 38754 | Vaults:4 | Killed Xtahua
 38819 | Vaults:4 | Reached skill level 27 in Fighting
 38845 | Vaults:4 | Noticed Sojobo
 38873 | Vaults:4 | Killed Sojobo
 39074 | Vaults:4 | Reached skill level 14 in Dodging
 39336 | Vaults:5 | Entered Level 5 of the Vaults
 39376 | Vaults:5 | Reached skill level 15 in Dodging
 39720 | Vaults:5 | Reached skill level 16 in Dodging
 39727 | Vaults:5 | Identified the Grimoire of Unstable Cold
 39743 | Vaults:5 | Identified Spellcasting Continued
 39773 | Vaults:5 | Learned a level 2 spell: Shroud of Golubria
 39852 | Vaults:5 | Got a silver rune of Zot
 39948 | Vaults:5 | Reached XP level 25. HP: 283/304 MP: 36/36
 39996 | Vaults:5 | Reached skill level 17 in Dodging
 40019 | Vaults:5 | HP: 16/304 [titan (16)]
 40138 | Vaults:5 | Identified the +9 war axe "Keimevue" {protect, rF+} (You took it off an entropy weaver on level 5 of the Vaults)
 40493 | Vaults:5 | Reached skill level 12 in Invocations
 40723 | Vaults:5 | Reached skill level 18 in Dodging
 41013 | Vaults:2 | Bought a book of Summonings for 910 gold pieces
 41019 | Vaults:2 | Learned a level 5 spell: Aura of Abjuration
 41023 | Vaults:2 | Learned a level 3 spell: Lesser Beckoning
 41348 | Depths:4 | Reached skill level 1 in Summonings
 41368 | Depths:4 | Reached skill level 2 in Summonings
 41378 | Depths:4 | Reached skill level 10 in Spellcasting
 41416 | Depths:4 | Reached skill level 3 in Summonings
 41452 | Depths:4 | Identified the ring "Uvucil" {Ice Str-4 Int+4 Slay+2 SInv} (You found it on level 4 of the Depths)
 41481 | Depths:4 | Identified the Collected Works on the Compass and Protection
 41539 | Depths:4 | Reached skill level 4 in Summonings
 41552 | Depths:4 | Reached skill level 11 in Spellcasting
 41754 | Depths:4 | Noticed a juggernaut
 41769 | Depths:4 | Killed a juggernaut
 41769 | Depths:4 | Reached skill level 3 in Hexes
 41769 | Depths:4 | Reached XP level 26. HP: 306/314 MP: 34/38
 41984 | Depths:4 | Identified the Papyrus of Frigorific Ignition
 41995 | Depths:4 | Reached skill level 2 in Earth Magic
 42005 | Depths:4 | Reached skill level 2 in Transmutations
 42350 | Vaults:3 | You paid a toll of a +4 demon blade to enter a treasure trove
 42351 | Trove    | Entered a treasure trove
 42368 | Trove    | Found the +4 robe of Augmentation {Str+4 Int+4 Dex+4}
 42369 | Trove    | Identified the cursed +1 ice dragon scales "Weuwk" {+Inv rElec rF- rC++ MR+ MP+9 Str-4} (You found it in a treasure trove)
 42384 | Trove    | Identified the amulet "Geatse" {Gourm rF+ rN++ Str-4 Dex+4} (You found it in a treasure trove)
 42386 | Trove    | Identified the amulet "Syruet" {Faith MR+ Str+3 Dex+3 SInv} (You found it in a treasure trove)
 42387 | Trove    | Identified the ring of Ysusubug {rElec rPois Str+4 Dex+4} (You found it in a treasure trove)
 42860 | Slime:1  | Entered Level 1 of the Pits of Slime
 42994 | Slime:4  | Reached skill level 4 in Necromancy
 43005 | Slime:4  | Reached skill level 4 in Charms
 43023 | Slime:5  | Entered Level 5 of the Pits of Slime
 43027 | Slime:5  | Reached skill level 5 in Summonings
 43064 | Slime:5  | Reached skill level 5 in Translocations
 43119 | Slime:5  | Reached skill level 8 in Armour
 43231 | Slime:5  | Reached skill level 12 in Spellcasting
 43247 | Slime:5  | Found a viscous altar of Jiyva.
 43278 | Slime:5  | Noticed the Royal Jelly
 43290 | Slime:5  | Killed the Royal Jelly
 43342 | Slime:5  | Identified the amulet "Owaomo" {Inacc *Drain rElec rF+ Dex+5} (You found it on level 5 of the Pits of Slime)
 43343 | Slime:5  | Got a slimy rune of Zot
 43370 | Slime:5  | Learned a level 1 spell: Infusion
 43373 | Slime:5  | Learned a level 2 spell: Song of Slaying
 43631 | Snake:2  | Bought the ring "Efokhox" {rN+ EV+1 Dex+3 Stlth+} for 396 gold pieces
 43978 | Zig:1    | Entered Level 1 of a ziggurat
 43998 | Zig:2    | Entered Level 2 of a ziggurat
 44036 | Zig:3    | Entered Level 3 of a ziggurat
 44046 | Zig:3    | Reached skill level 5 in Necromancy
 44070 | Zig:4    | Entered Level 4 of a ziggurat
 44088 | Zig:4    | Reached skill level 6 in Necromancy
 44121 | Zig:5    | Entered Level 5 of a ziggurat
 44142 | Zig:5    | Reached skill level 7 in Necromancy
 44160 | Zig:6    | Entered Level 6 of a ziggurat
 44179 | Zig:6    | Reached skill level 8 in Necromancy
 44207 | Zig:7    | Entered Level 7 of a ziggurat
 44235 | Zig:7    | Reached skill level 9 in Necromancy
 44260 | Zig:7    | Reached skill level 11 in Necromancy
 44260 | Zig:7    | Reached XP level 27. HP: 323/323 MP: 38/39
 44264 | Zig:8    | Entered Level 8 of a ziggurat
 44306 | Zig:8    | Reached skill level 12 in Necromancy
 44359 | Zig:9    | Entered Level 9 of a ziggurat
 44413 | Zig:9    | Found the +11 plutonium sword {*Contam Stlth-}
 44491 | Zig:10   | Entered Level 10 of a ziggurat
 44505 | Zig:10   | Noticed Enoefoil the pandemonium lord
 44508 | Zig:10   | Reached skill level 13 in Invocations
 44524 | Zig:10   | Killed Enoefoil the pandemonium lord
 44524 | Zig:10   | Reached skill level 13 in Spellcasting
 44553 | Zig:10   | Identified the ring "Ijemofiz" {MP+9 Int+5} (You found it on level 10 of a ziggurat)
 44677 | Zig:11   | Entered Level 11 of a ziggurat
 44683 | Zig:11   | Reached skill level 14 in Invocations
 44701 | Zig:11   | Reached skill level 14 in Spellcasting
 44710 | Zig:11   | Reached skill level 9 in Armour
 44743 | Zig:11   | Found the +7 mace of Variability {chain chaos}
 44748 | Zig:11   | Identified the ring "Lufifisa" {*Drain rPois rN+ MR+} (You found it on level 11 of a ziggurat)
 44768 | Zig:11   | Identified the Almanac of Vitriolic Shape Shifting
 44770 | Zig:11   | Identified the amulet "Dinuppau" {-Tele +Rage rElec Dex+7} (You found it on level 11 of a ziggurat)
 44773 | Zig:12   | Entered Level 12 of a ziggurat
 44791 | Zig:12   | Paralysed by a floating eye for 3 turns
 44806 | Zig:12   | Reached skill level 10 in Armour
 44830 | Zig:12   | Found the +10 morningstar "Eos" {elec, Halo rElec}
 44927 | Zig:13   | Entered Level 13 of a ziggurat
 44958 | Zig:13   | Found the brooch of Shielding {Reflect SH+8}
 44962 | Zig:13   | Reached skill level 11 in Armour
 45014 | Zig:14   | Entered Level 14 of a ziggurat
 45046 | Zig:14   | Reached skill level 12 in Armour
 45135 | Zig:14   | Identified the +9 war axe "Vaeforr" {antimagic, rElec rPois rN+++ Dex-4} (You found it on level 14 of a ziggurat)
 45207 | Zig:15   | Entered Level 15 of a ziggurat
 45273 | Zig:15   | Reached skill level 6 in Summonings
 45281 | Zig:15   | Reached skill level 6 in Translocations
 45292 | Zig:15   | HP: 26/323 [soul eater/drain life (9)]
 45300 | Zig:15   | Identified Qikegaka's Guide on the Excruciating Frostbite
 45301 | Zig:15   | HP: 13/323 [hellion/damnation[a shadow demon] (26)]
 45304 | Zig:16   | Entered Level 16 of a ziggurat
 45493 | Zig:16   | Reached skill level 7 in Summonings
 45493 | Zig:16   | Reached skill level 7 in Translocations
 45506 | Zig:16   | Reached skill level 8 in Summonings
 45623 | Zig:16   | Identified the Catalogue of Helpful Intoxication
 45733 | D:15     | Learned a level 2 spell: Sublimation of Blood
 45738 | D:15     | Learned a level 4 spell: Animate Dead
 45742 | D:15     | Learned a level 3 spell: Spectral Weapon
 45746 | D:15     | Learned a level 3 spell: Vampiric Draining
 45751 | D:15     | Learned a level 4 spell: Summon Lightning Spire
 45893 | Crypt:1  | Entered Level 1 of the Crypt
 46173 | Crypt:3  | Entered Level 3 of the Crypt
 46203 | Crypt:3  | Found a staircase to the Tomb.
 46620 | Crypt:3  | Reached skill level 21 in Axes
 47030 | Crypt:3  | Found a basalt altar of Yredelemnul.
 47030 | Crypt:3  | Noticed an ancient lich
 47031 | Crypt:3  | Noticed an ancient lich
 47039 | Crypt:3  | Killed an ancient lich
 47043 | Crypt:3  | Killed an ancient lich
 47048 | Crypt:3  | Found an ancient bone altar of Kikubaaqudgha.
 47081 | Crypt:3  | Found the +8 autumn katana {slice, Clar}
 47168 | Tomb:1   | Entered Level 1 of the Tomb of the Ancients
 47265 | Tomb:1   | Reached skill level 22 in Axes
 47476 | Tomb:1   | Noticed a greater mummy
 47486 | Tomb:1   | Killed a greater mummy
 47753 | Tomb:1   | Reached skill level 23 in Axes
 48142 | Crypt:2  | Learned a level 5 spell: Borgnjor's Vile Clutch
 48409 | Crypt:2  | Noticed Donald
 48417 | Crypt:2  | Killed Donald
 48911 | Depths:5 | Entered Level 5 of the Depths
 48921 | Depths:5 | Found Kimapalo's Antique Armour Boutique.
 48923 | Depths:5 | Found Foizaeg's General Store.
 48933 | Depths:5 | Bought a potion of lignification for 45 gold pieces
 48933 | Depths:5 | Bought a scroll of enchant armour for 112 gold pieces
 48933 | Depths:5 | Bought a wand of polymorph (15) for 255 gold pieces
 48933 | Depths:5 | Bought a throwing net for 45 gold pieces
 49191 | Depths:5 | Noticed a juggernaut
 49198 | Depths:5 | Killed a juggernaut
 49244 | Depths:5 | Reached skill level 24 in Axes
 49471 | Depths:5 | Found a gate to the Realm of Zot.
 49768 | Zot:1    | Entered Level 1 of the Realm of Zot
 50095 | Depths:4 | Voluntarily entered the Abyss.
 50230 | Abyss:2  | Found a corrupted altar of Lugonu.
 50340 | Abyss:3  | Reached skill level 25 in Axes
 50507 | Abyss:4  | Got an abyssal rune of Zot
 50517 | Depths:4 | Escaped the Abyss
 50570 | Hell     | Entered the Vestibule of Hell
 50570 | Hell     | Noticed Geryon
 50581 | Hell     | Killed Geryon
 50723 | Hell     | Found a gateway to the decaying netherworld of Tartarus.
 50834 | Hell     | Found a gateway to the ashen valley of Gehenna.
 50935 | Hell     | Found a gateway to the Iron City of Dis.
 50976 | Hell     | Found a gateway to the freezing wastes of Cocytus.
 51066 | Pan      | Entered Pandemonium
 51207 | Pan      | Reached skill level 26 in Axes
 51426 | Pan      | Found an exit through the horrors of the Abyss.
 51572 | Pan      | Noticed Sargh the pandemonium lord
 51589 | Pan      | Killed Sargh the pandemonium lord
 51623 | Pan      | Reached skill level 19 in Throwing
 51640 | Depths:5 | Escaped Pandemonium
 51643 | Pan      | Entered Pandemonium
 51687 | Pan      | Reached skill level 1 in Air Magic
 51717 | Pan      | Reached skill level 2 in Air Magic
 51735 | Pan      | Entered the realm of Lom Lobon.
 51795 | Pan      | Reached skill level 3 in Air Magic
 51825 | Pan      | Reached skill level 4 in Air Magic
 51886 | Pan      | Reached skill level 5 in Air Magic
 51947 | Pan      | Reached skill level 6 in Air Magic
 52030 | Pan      | Reached skill level 7 in Air Magic
 52152 | Pan      | Reached skill level 8 in Air Magic
 52162 | Pan      | Noticed Lom Lobon
 52173 | Pan      | Killed Lom Lobon
 52186 | Pan      | Got a magical rune of Zot
 52286 | Pan      | Entered the realm of Cerebov.
 52550 | Pan      | Reached skill level 9 in Summonings
 52584 | Pan      | Identified the Collected Works on Ashen Ignition
 52650 | Pan      | Identified the +0 large shield "Oxiewo" {+Fly Dex+3} (You found it in Pandemonium)
 52654 | Pan      | Noticed Cerebov
 52669 | Pan      | HP: 24/323 [Cerebov/great serpentine sword {flame} (36)]
 52861 | Pan      | Killed Cerebov
 52861 | Pan      | Reached skill level 19 in Dodging
 52880 | Pan      | Got a fiery rune of Zot
 53029 | Pan      | Noticed Gaufen the pandemonium lord
 53041 | Pan      | Killed Gaufen the pandemonium lord
 53041 | Pan      | Reached skill level 20 in Dodging
 53133 | Depths:5 | Escaped Pandemonium
 53137 | Pan      | Entered Pandemonium
 53298 | Pan      | Noticed Lalowkih the pandemonium lord
 53303 | Pan      | Killed Lalowkih the pandemonium lord
 53404 | Depths:5 | Escaped Pandemonium
 53406 | Pan      | Entered the realm of Mnoleg.
 53406 | Pan      | Entered Pandemonium
 53406 | Pan      | Noticed Mnoleg
 53411 | Pan      | Reached skill level 15 in Spellcasting
 53425 | Pan      | Killed Mnoleg
 53444 | Pan      | Gained mutation: You are frail. (-10% HP) [a cacodemon]
 53479 | Pan      | Got a glowing rune of Zot
 53617 | Pan      | Lost mutation: You are frail. (-10% HP) [potion of mutation]
 53617 | Pan      | Gained mutation: You occasionally shout uncontrollably at your foes. [potion of mutation]
 53617 | Pan      | Gained mutation: You are robust. (+10% HP) [potion of mutation]
 53617 | Pan      | Gained mutation: You expend magic power (3 MP) to strengthen your wands. [potion of mutation]
 53624 | Pan      | Entered the realm of Gloorx Vloq.
 53663 | Pan      | Reached skill level 15 in Invocations
 53935 | Pan      | Noticed Gloorx Vloq
 53942 | Pan      | Killed Gloorx Vloq
 53942 | Pan      | Reached skill level 16 in Spellcasting
 53961 | Pan      | Got a dark rune of Zot
 54121 | Pan      | Reached skill level 27 in Axes
 54343 | Pan      | Found an exit through the horrors of the Abyss.
 54349 | Pan      | Reached skill level 20 in Throwing
 54472 | Pan      | Reached skill level 16 in Invocations
 54565 | Pan      | Noticed Duoli Ero the pandemonium lord
 54583 | Pan      | Killed Duoli Ero the pandemonium lord
 54765 | Pan      | Noticed Acebbamn the pandemonium lord
 54783 | Pan      | Killed Acebbamn the pandemonium lord
 54783 | Pan      | Reached skill level 17 in Spellcasting
 54843 | Depths:5 | Escaped Pandemonium
 54847 | Pan      | Entered Pandemonium
 54946 | Pan      | Noticed Mennas
 54952 | Pan      | Noticed Fudd the pandemonium lord
 54962 | Pan      | Killed Fudd the pandemonium lord
 55003 | Pan      | Killed Mennas
 55162 | Pan      | Reached skill level 17 in Invocations
 55324 | Pan      | Identified the +5 large shield of Reason {rPois rN+} (You took it off Mennas in Pandemonium)
 55373 | Pan      | Found an exit through the horrors of the Abyss.
 55435 | Pan      | Got a demonic rune of Zot
 55453 | Pan      | Took an exit into the Abyss.
 55453 | Abyss:1  | Escaped into the Abyss
 55460 | Abyss:1  | Found a corrupted altar of Lugonu.
 55464 | Depths:5 | Escaped the Abyss
 55695 | Coc:1    | Entered Level 1 of Cocytus
 55984 | Coc:4    | Reached skill level 21 in Throwing
 55990 | Coc:4    | Reached skill level 18 in Spellcasting
 56373 | Coc:6    | Reached skill level 13 in Armour
 56485 | Coc:7    | Entered Level 7 of Cocytus
 56679 | Coc:7    | Reached skill level 22 in Throwing
 56679 | Coc:7    | Reached skill level 14 in Armour
 56740 | Coc:7    | Gained mutation: You are weak. (Str -2) [mutagenic glow]
 56753 | Coc:7    | Gained mutation: You are very weak. (Str -4) [mutagenic glow]
 56953 | Coc:7    | Found the +8 orange crystal plate armour {Archmagi, Int+3 Clar}
 57003 | Coc:7    | Reached skill level 15 in Armour
 57060 | Coc:7    | Reached skill level 4 in Hexes
 57132 | Coc:7    | Reached skill level 5 in Hexes
 57228 | Coc:7    | Reached skill level 6 in Hexes
 57278 | Coc:7    | Noticed Antaeus
 57308 | Coc:7    | Annihilated by Antaeus

Vault maps used:
D:1:      saegor_arrival_simple_d, st_stairs_10
D:2:      cheibrodos_old_hovel
D:3:      chequers_temple_overflow_minitemple, minmay_gold_behind_fungi
D:4:      lemuel_doored_altar, elyvilon_altar_1, nicolae_overflow_hidden_temple,
          hellmonk_ghost_happy_afterlife, first_ration, uniq_ijyb
D:5:      nicolae_sextant, fountainhead
D:6:      trog_ov_bears_minmay, nicolae_overflow_crystal_walls
D:7:      minmay_temple_entry_enclosed_plants, grunt_ogre_cave, fedhas_altar_3
D:8:      minmay_the_grid_octo_2x2, lair_entry_dummy, nicolae_wwwww
D:9:      zombieorc1_lemuel, serial_shops, nicolae_shop_waterfront, shop
D:10:     statuecave_lemuel
D:11:     serial_bayou_pond_e, nicolae_qazlal_general_emergency
D:12:     serial_undead, serial_undead_a, serial_undead_e, serial_undead_c,
          serial_undead_c, serial_undead_e, enter_bailey_3
D:13:     nicolae_ashenzari_panopticon
D:14:     grunt_vaults_entry_fortified, minivault_19, serial_shops, shop,
          uniq_louise, uniq_rupert, uniq_urug
D:15:     grunt_enter_depths_giant_problem, nicolae_two_hexagons, serial_shops,
          nicolae_shop_stone, uniq_sonja, uniq_azrael
Lair:1:   lemuel_slime, beast_lair_carwin_2, grunt_megastairs_5
Lair:2:   grunt_megastairs_1, serial_bayou_shore_b, serial_bayou_shore_a
Lair:3:   nicolae_swamp_entry_splash_gauntlet, guppyfry_snake_entry_island
Lair:4:   grunt_forest_stairs_clearing
Lair:5:   gammafunk_ghost_split, lemuel_fruit_tree
Lair:6:   evilmike_catoblepas_cave, nicolae_slime_entry_slimehenge,
          infiniplex_staircase_pool
Swamp:1:  serial_swamp_ruin, hangedman_swamp_ruin_hall,
          evilmike_swamp_ruin_wall, hangedman_swamp_ruin_wall
Swamp:2:  evilmike_swamp_ruin_house_4
Swamp:3:  evilmike_swamp_ruin_house_1, swamp_pool5
Swamp:4:  swamp_vile, uniq_bai_suzhen
Snake:1:  uniq_aizul
Snake:2:  serial_shops, shop, spider_trap
Snake:4:  johnstein_snake_rune_scales, gammafunk_ghost_grave,
          serial_bayou_pond_e, uniq_vashnia, uniq_asterion, uniq_kirke
Slime:1:  basic_altar
Slime:2:  cheibrodos_slime_lost_civilization_8
Slime:4:  nicolae_slime_jelly_donut, uniq_dissolution
Orc:2:    st_orc_open, nicolae_volcano_entry_s_turn
Elf:1:    minmay_elf_arrival_circle, serial_shops, statue_bzr,
          grunt_ministairs_8, serial_sigils_hangedman_writhe,
          einodemon_crawler_minivault, uniq_nikola
Elf:2:    serial_shops, nicolae_shop_window_shopping, shop, uniq_agnes
Elf:3:    elf_hall_gauntlet_narrow, spider_trap, minivault_27
Vaults:1: vaults_room_grid, ontoclasm_vaults_tryst, v_misc_33,
          nicolae_vaults_twisting_passages, ontoclasm_vaults_misaligned,
          ontoclasm_vaults_decontamination, vaults_room_grid, v_alt_pattern_2,
          hangedman_vaults_nails, st_more_cells, serial_shops, shop
Vaults:2: hangedman_vaults_variations, v_misc_1, v_misc_30,
          nicolae_vaults_branching_niches, nicolae_vaults_little_squares_1,
          v_misc_9, minmay_crypt_entry_necro_gods, vaults_mumra_hex,
          nicolae_vaults_big_angled_halls, v_alt_pattern_6,
          vaults_room_door_ring, serial_shops, shop, basic_altar, uniq_jorgrun
Vaults:3: hangedman_vaults_slice, nicolae_vaults_network_barrier,
          vaults_room_pool, hangedman_vaults_corner, v_rooms_5, st_cells,
          nicolae_vaults_big_ls, nicolae_vaults_windows_and_doors_thing,
          hangedman_vaults_stretched_pinwheel, enter_trove_3
Vaults:4: vaults_room_semicircle, nicolae_vaults_border_crossing, v_misc_32,
          nicolae_vaults_fighting_squares, v_misc_29,
          nicolae_vaults_little_squares_1, ontoclasm_vaults_idyll,
          ontoclasm_vaults_ring_small, vaults_mumra_minichess, uniq_xtahua,
          uniq_sojobo
Crypt:2:  uniq_donald
Crypt:3:  lightli_unholy_cathedral, tomb_entry_simple_bobbens
Depths:1: pf_hell_entry_tar_river, abyss_entry, dk_noncrumbling_4,
          kennysheep_kite_vault, uniq_mara
Depths:2: minmay_spriggan_fort, serial_sigils_hangedman_scratch, hell_entry,
          kennysheep_potato, infiniplex_staircase_diamond
Depths:3: radiant_caverns_b_rkd, hell_entry, pan_entry, abyss_entry
Depths:4: minmay_imperfect_grid, enter_ziggurat_d, abyss_entry, hell_entry,
          grunt_decor_mini_mirrors, basic_loot_grate_trap,
          okawaru_ov_weapons_minmay, infiniplex_staircase_squiggle
Depths:5: grunt_zot_entry_pinwheel, moated_statue, lightli_too_deep, pan_entry,
          grunt_megastairs_4, serial_bayou_shore_b, minmay_shoptagon, uniq_jory
Coc:7:    coc_grunt
Zot:1:    gammafunk_its_a_trap
Zot:2:    grunt_ministairs_15, basic_stair_grate_trap, grunt_megastairs_3
Zot:4:    st_stairs_4, lemuel_elevator
Abyss:2:  abyss_exit_lava
Abyss:4:  nicolae_abyss_rune_star_stuff
Pan:      rand_demon_4, grunt_pan_pentagram, nicolae_pan_cerebovesque_2,
          rand_demon_8, nicolae_pan_cerebovesque_4, nicolae_pan_sigil_uleosi,
          lom_lobon_grunt_wind_tunnels, nicolae_pan_gloorx_vloqian_2, cerebov,
          rand_demon_3, nicolae_pan_mnolegish_2, rand_demon_1,
          nicolae_pan_sigil_nadil, mnoleg_grunt_wretched_star,
          evilmike_gloorx_vloq_box, nicolae_pan_glass_arcs, pan_blood_fountain,
          evilmike_mini_pan_T, nicolae_pan_sigil_obb, nicolae_pan_lom_lobonic_3,
          evilmike_mini_pan_possible_glass, uniq_mennas_pan
Zig:8:    ziggurat_pillar_centre_oklobs
Zig:14:   ziggurat_pillar_centre_c
Zig:15:   ziggurat_pillar_centre_dead_trees
Bazaar:   bazaar_lake
Trove:    trove_garden
Bailey:   bailey_polearm_4, bailey
Volcano:  volcano_grotto

Skill      XL: |  1  2  3  4  5  6  7  8  9 10 11 12 13 14 15 16 17 18 19 20 21 22 23 24 25 26 27 |
---------------+----------------------------------------------------------------------------------+-----
Fighting       | 2 3 4 5 6 8 10 12 13 15 16 17 18 19 20 23 26 27 | 27.0
Throwing       | 3 4 5 6 7 9 11 13 14 16 18 22 | 22.9
Spellcasting   | 2 3 5 7 8 9 11 12 18 | 18.0
Translocations | 1 2 3 4 5 7 |  7.0
Axes           | 9 13 16 17 18 19 20 27 | 27.0
Dodging        | 2 9 10 11 12 13 16 18 20 | 20.6
Invocations    | 2 6 9 10 11 12 17 | 17.5
Armour         | 4 5 6 7 8 15 | 15.0
Earth Magic    | 1 2 |  2.0
Transmutations | 1 2 |  2.0
Necromancy     | 1 3 11 12 | 12.3
Charms         | 1 3 4 |  4.0
Summonings     | 4 5 9 |  9.0
Hexes          | 3 6 |  6.4
Air Magic      | 8 |  8.8

Action                   |  1- 3 |  4- 6 |  7- 9 | 10-12 | 13-15 | 16-18 | 19-21 | 22-24 | 25-27 || total
-------------------------+-------+-------+-------+-------+-------+-------+-------+-------+-------++-------
Melee: Spear             |   111 |    42 |       |       |       |       |       |       |       ||   153
       Hand axe          |       |   102 |   193 |       |       |       |       |       |       ||   295
       Giant spiked club |       |       |     4 |    99 |       |       |       |       |       ||   103
       Dagger            |       |       |    44 |   306 |       |       |       |       |       ||   350
       Dire flail        |       |       |       |    35 |    27 |       |       |       |       ||    62
       Headbutt          |       |       |       |     3 |       |    19 |     3 |    20 |       ||    45
       Kick              |       |       |       |     1 |     9 |     5 |       |       |       ||    15
       Battleaxe         |       |       |       |       |   345 |   855 |  1056 |   952 |  1733 ||  4941
       Executioner's axe |       |       |       |       |       |       |       |       |  1181 ||  1181
Throw: Tomahawk          |     6 |    17 |    30 |    81 |   140 |    96 |    30 |    35 |   214 ||   649
       Stone             |     3 |    20 |   134 |   329 |   493 |   202 |   105 |    51 |    29 ||  1366
       Throwing net      |       |     1 |     1 |    10 |       |       |       |       |       ||    12
       Large rock        |       |     4 |     4 |    25 |    51 |    48 |    47 |   105 |   524 ||   808
       Javelin           |       |       |       |       |    10 |    38 |     3 |    46 |   213 ||   310
 Cast: Corona            |    23 |    66 |   109 |   182 |     8 |       |       |       |       ||   388
       Blink             |       |       |       |     5 |    11 |    28 |     2 |     3 |    16 ||    65
       Passwall          |       |       |       |     1 |       |    15 |    12 |       |     6 ||    34
       Apportation       |       |       |       |    29 |   377 |   399 |   204 |   251 |   738 ||  1998
       Beastly Appendage |       |       |       |     6 |    12 |    14 |     2 |     4 |     1 ||    39
       Portal Projectile |       |       |       |       |     2 |    15 |     3 |    12 |    55 ||    87
       Animate Skeleton  |       |       |       |       |       |     7 |       |       |       ||     7
       Passage of Golubr |       |       |       |       |       |     1 |     1 |       |    25 ||    27
       Regeneration      |       |       |       |       |       |       |     6 |    54 |   311 ||   371
       Shroud of Golubri |       |       |       |       |       |       |       |       |    23 ||    23
       Aura of Abjuratio |       |       |       |       |       |       |       |       |    13 ||    13
       Spectral Weapon   |       |       |       |       |       |       |       |       |     7 ||     7
       Summon Lightning  |       |       |       |       |       |       |       |       |     7 ||     7
       Sublimation of Bl |       |       |       |       |       |       |       |       |     2 ||     2
       Borgnjor's Vile C |       |       |       |       |       |       |       |       |     2 ||     2
       Song of Slaying   |       |       |       |       |       |       |       |       |     1 ||     1
Invok: Slouch            |       |       |       |       |       |     2 |     5 |     1 |    35 ||    43
       Step From Time    |       |       |       |       |       |       |     2 |       |     1 ||     3
       Temporal Distorti |       |       |       |       |       |       |       |     1 |       ||     1
 Abil: Evoke Flight      |       |       |       |     6 |     1 |     1 |       |     4 |     1 ||    13
       Stop Flying       |       |       |       |     2 |       |       |       |     3 |       ||     5
       Cancel Portal Pro |       |       |       |       |       |     1 |       |       |     5 ||     6
Evoke: Wand              |       |       |     6 |    19 |     4 |    15 |     4 |     4 |     8 ||    60
  Use: Scroll            |     4 |     6 |    15 |    15 |    13 |    13 |    15 |     4 |    47 ||   132
       Potion            |       |       |       |     2 |       |     1 |     3 |       |    34 ||    40
 Stab: Sleeping          |     3 |       |     1 |       |     3 |     3 |       |       |     1 ||    11
       Confused          |       |       |       |       |       |     2 |       |       |       ||     2
       Distracted        |       |       |       |       |       |     1 |       |     2 |     3 ||     6
  Eat: Chunk             |     1 |     6 |     9 |    13 |    10 |    10 |     8 |     4 |    13 ||    74
       Ration            |       |       |       |     4 |     3 |     6 |     6 |    11 |    27 ||    57
Armor: Robe              |    32 |    44 |       |    41 |     2 |       |       |       |       ||   119
       Steam dragon scal |       |    21 |   103 |   220 |   208 |    68 |       |       |       ||   620
       Troll leather arm |       |       |       |       |       |    13 |       |       |       ||    13
       Swamp dragon scal |       |       |       |       |       |    57 |       |       |       ||    57
       Storm dragon scal |       |       |       |       |       |   109 |   327 |   337 |    99 ||   872
       Skin              |       |       |       |       |       |     1 |       |       |    66 ||    67
       Gold dragon scale |       |       |       |       |       |       |       |       |  1247 ||  1247
Dodge: Dodged            |    57 |    65 |   161 |   404 |   337 |   559 |   866 |  1035 |  3978 ||  7462
Block: Reflection        |       |       |       |       |       |       |       |       |     2 ||     2

Table legend:
 A = Spawn XP
 B = Non-spawn XP
 C = Spawn XP percentage of total XP
 D = Spawn monster count
 E = Non-spawn monster count
 F = Spawn count percentage of total count
 G = Total turns spent on level
                    A         B        C        D         E        F      G
               +---------+---------+-------+---------+---------+-------+---------
         Total |   73316 | 2439652 |   2.9 |     103 |    3484 |   2.9 | 57308
               +---------+---------+-------+---------+---------+-------+---------
           D:1 |       0 |      53 |   0.0 |       0 |      24 |   0.0 |   892
           D:2 |       0 |      82 |   0.0 |       0 |      18 |   0.0 |   723
           D:3 |       0 |     150 |   0.0 |       0 |      28 |   0.0 |   563
           D:4 |       0 |     862 |   0.0 |       0 |      21 |   0.0 |   784
           D:5 |       0 |     429 |   0.0 |       0 |      23 |   0.0 |   849
           D:6 |       0 |     627 |   0.0 |       0 |      17 |   0.0 |   683
           D:7 |       0 |    1527 |   0.0 |       0 |      30 |   0.0 |  1005
           D:8 |       0 |    4747 |   0.0 |       0 |      44 |   0.0 |  1406
           D:9 |       0 |    1628 |   0.0 |       0 |      50 |   0.0 |  1667
          D:10 |       0 |    5812 |   0.0 |       0 |      32 |   0.0 |  1110
          D:11 |       0 |    3904 |   0.0 |       0 |      32 |   0.0 |  1046
          D:12 |       0 |    1897 |   0.0 |       0 |      26 |   0.0 |   981
          D:13 |       0 |   12338 |   0.0 |       0 |      55 |   0.0 |  1254
          D:14 |       0 |   15570 |   0.0 |       0 |      22 |   0.0 |  1636
          D:15 |       0 |   15615 |   0.0 |       0 |      39 |   0.0 |  1227
        Lair:1 |       0 |    6041 |   0.0 |       0 |      45 |   0.0 |   625
        Lair:2 |       0 |    2225 |   0.0 |       0 |      16 |   0.0 |   451
        Lair:3 |       0 |    7544 |   0.0 |       0 |      32 |   0.0 |   850
        Lair:4 |       0 |    8133 |   0.0 |       0 |      30 |   0.0 |   622
        Lair:5 |       0 |    7313 |   0.0 |       0 |      22 |   0.0 |   758
        Lair:6 |       0 |   14778 |   0.0 |       0 |      43 |   0.0 |   740
       Swamp:1 |       0 |   10020 |   0.0 |       0 |      22 |   0.0 |  1022
       Swamp:2 |       0 |   14396 |   0.0 |       0 |      36 |   0.0 |   711
       Swamp:3 |       0 |   17651 |   0.0 |       0 |      51 |   0.0 |   940
       Swamp:4 |       0 |   32203 |   0.0 |       0 |      48 |   0.0 |   923
       Snake:1 |       0 |   14457 |   0.0 |       0 |      30 |   0.0 |   559
       Snake:2 |       0 |   10883 |   0.0 |       0 |      19 |   0.0 |  1255
       Snake:3 |       0 |   17352 |   0.0 |       0 |      28 |   0.0 |   841
       Snake:4 |       0 |   76796 |   0.0 |       0 |     113 |   0.0 |  1394
       Slime:2 |       0 |    1609 |   0.0 |       0 |       6 |   0.0 |    21
       Slime:3 |       0 |    9314 |   0.0 |       0 |       7 |   0.0 |   122
       Slime:4 |       0 |    6468 |   0.0 |       0 |      18 |   0.0 |    45
       Slime:5 |       0 |   45403 |   0.0 |       0 |      25 |   0.0 |   400
         Orc:1 |       0 |    2303 |   0.0 |       0 |      27 |   0.0 |   447
         Orc:2 |       0 |   20321 |   0.0 |       0 |      64 |   0.0 |  1006
         Elf:1 |       0 |   28361 |   0.0 |       0 |      42 |   0.0 |  1308
         Elf:2 |       0 |   42300 |   0.0 |       0 |      58 |   0.0 |  1152
         Elf:3 |       0 |   46453 |   0.0 |       0 |      52 |   0.0 |  1036
      Vaults:1 |       0 |   41889 |   0.0 |       0 |      77 |   0.0 |  1272
      Vaults:2 |       0 |   71702 |   0.0 |       0 |     117 |   0.0 |  1710
      Vaults:3 |       0 |   44320 |   0.0 |       0 |      85 |   0.0 |  1085
      Vaults:4 |       0 |   91243 |   0.0 |       0 |     102 |   0.0 |  1026
      Vaults:5 |       0 |  156377 |   0.0 |       0 |     136 |   0.0 |  1544
       Crypt:1 |       0 |   11195 |   0.0 |       0 |      15 |   0.0 |   464
       Crypt:2 |       0 |   22324 |   0.0 |       0 |      32 |   0.0 |   618
       Crypt:3 |       0 |   83624 |   0.0 |       0 |      80 |   0.0 |  1001
        Tomb:1 |       0 |   62212 |   0.0 |       0 |      65 |   0.0 |   739
      Depths:1 |       0 |   70291 |   0.0 |       0 |      88 |   0.0 |   696
      Depths:2 |       0 |   38204 |   0.0 |       0 |      66 |   0.0 |  1052
      Depths:3 |       0 |   69328 |   0.0 |       0 |      94 |   0.0 |  1092
      Depths:4 |       0 |   94342 |   0.0 |       0 |      90 |   0.0 |  1271
      Depths:5 |       0 |   73153 |   0.0 |       0 |      55 |   0.0 |   972
          Hell |       0 |   37307 |   0.0 |       0 |      65 |   0.0 |   486
         Coc:1 |       0 |    8269 |   0.0 |       0 |      23 |   0.0 |    94
         Coc:3 |       0 |    4253 |   0.0 |       0 |      14 |   0.0 |    70
         Coc:4 |       0 |   22090 |   0.0 |       0 |      51 |   0.0 |   345
         Coc:5 |       0 |   10044 |   0.0 |       0 |      23 |   0.0 |   119
         Coc:6 |       0 |   48020 |   0.0 |       0 |      58 |   0.0 |   156
         Coc:7 |       0 |  158268 |   0.0 |       0 |     158 |   0.0 |   823
         Zot:1 |       0 |    2863 |   0.0 |       0 |       1 |   0.0 |    38
         Zot:2 |       0 |    7746 |   0.0 |       0 |       5 |   0.0 |    47
         Zot:3 |       0 |    4932 |   0.0 |       0 |       5 |   0.0 |   156
         Zot:4 |       0 |    2210 |   0.0 |       0 |       1 |   0.0 |    16
       Abyss:1 |    3145 |    1029 |  75.3 |       2 |       3 |  40.0 |   146
       Abyss:2 |     828 |       0 | 100.0 |       5 |       0 | 100.0 |    29
       Abyss:3 |    3808 |    6540 |  36.8 |       9 |      18 |  33.3 |   178
       Abyss:4 |       0 |   10005 |   0.0 |       0 |      19 |   0.0 |    80
           Pan |   65535 |  437849 |  13.0 |      87 |     388 |  18.3 |  4374
         Zig:1 |       0 |    1750 |   0.0 |       0 |       2 |   0.0 |    20
         Zig:2 |       0 |    1469 |   0.0 |       0 |       4 |   0.0 |    38
         Zig:3 |       0 |    3006 |   0.0 |       0 |       5 |   0.0 |    34
         Zig:4 |       0 |    3521 |   0.0 |       0 |       6 |   0.0 |    51
         Zig:5 |       0 |    4810 |   0.0 |       0 |       9 |   0.0 |    39
         Zig:6 |       0 |    8740 |   0.0 |       0 |       7 |   0.0 |    47
         Zig:7 |       0 |    9052 |   0.0 |       0 |      10 |   0.0 |    57
         Zig:8 |       0 |   14697 |   0.0 |       0 |      13 |   0.0 |    95
         Zig:9 |       0 |   11117 |   0.0 |       0 |      14 |   0.0 |   132
        Zig:10 |       0 |   22325 |   0.0 |       0 |      15 |   0.0 |   186
        Zig:11 |       0 |   22782 |   0.0 |       0 |      16 |   0.0 |    96
        Zig:12 |       0 |   19336 |   0.0 |       0 |      23 |   0.0 |   154
        Zig:13 |       0 |   26098 |   0.0 |       0 |      29 |   0.0 |    87
        Zig:14 |       0 |   35677 |   0.0 |       0 |      26 |   0.0 |   193
        Zig:15 |       0 |   12250 |   0.0 |       0 |      19 |   0.0 |    97
        Zig:16 |       0 |   37473 |   0.0 |       0 |      25 |   0.0 |   331
        Bailey |       0 |    1720 |   0.0 |       0 |      12 |   0.0 |   213
       Volcano |       0 |    4635 |   0.0 |       0 |      20 |   0.0 |   457
               +---------+---------+-------+---------+---------+-------+---------

Table legend:
 A = Turns spent in this place as a percentage of turns spent in the entire game.
 B = Non-inter-level travel turns spent in this place as a percentage of non-inter-level travel turns spent in the entire game.
 C = Inter-level travel turns spent in this place as a percentage of turns spent in this place.
 D = Turns resting spent in this place as a percentage of non-inter-level travel turns spent in this place.
 E = Turns spent auto-exploring this place as a percentage of non-inter-level travel turns spent in this place.
 F = Non-inter-level travel turns spent in this place divided by the number of levels of this place that you've seen.
                   A       B       C       D       E      F
               +-------+-------+-------+-------+-------+----------------------
         Total | 100.0 | 100.0 |  15.6 |   2.5 |   0.6 | 474.5
       Dungeon |  27.6 |  24.4 |  25.4 |   0.5 |   0.0 | 787.0
          Lair |   7.1 |   6.8 |  19.2 |   0.0 |   0.0 | 544.8
         Swamp |   6.3 |   6.5 |  12.1 |   2.9 |   2.2 | 790.2
     Snake Pit |   7.1 |   7.1 |  15.7 |   3.0 |   0.7 | 853.5
    Slime Pits |   1.1 |   1.2 |   4.0 |   6.1 |   0.0 | 115.6
  Orcish Mines |   2.5 |   2.7 |  10.0 |   2.1 |   0.0 | 653.5
   Elven Halls |   6.1 |   6.2 |  14.8 |   5.6 |   0.0 | 993.0
        Vaults |  11.6 |  11.4 |  16.7 |   0.4 |   1.2 | 1105.6
         Crypt |   3.6 |   4.0 |   6.5 |   0.0 |   2.2 | 649.0
          Tomb |   1.3 |   1.3 |  15.7 |   0.0 |  12.0 | 623.0
        Depths |   8.9 |   8.5 |  18.9 |   2.2 |   0.9 | 824.8
          Hell |   0.8 |   0.9 |   7.8 |   0.0 |   0.0 | 448.0
       Cocytus |   2.8 |   3.3 |   0.0 |   0.5 |   0.0 | 230.4
           Zot |   0.4 |   0.5 |   0.0 |   0.0 |   0.0 |  64.2
         Abyss |   0.8 |   0.9 |   0.0 |   0.0 |   0.0 |  86.6
   Pandemonium |   7.6 |   9.0 |   0.0 |   0.5 |   0.0 | 364.5
      Ziggurat |   2.9 |   3.4 |   0.0 |  26.8 |   0.0 | 103.6
        Bazaar |   0.2 |   0.2 |   0.0 |   0.0 |   0.0 | 120.0
         Trove |   0.2 |   0.2 |   0.0 |   0.0 |   0.0 |  88.0
        Bailey |   0.4 |   0.4 |   0.0 |   3.8 |   0.0 | 213.0
       Volcano |   0.8 |   0.9 |   0.0 |  29.5 |   0.0 | 457.0
               +-------+-------+-------+-------+-------+----------------------

Table legend:
 A = Kills in this place as a percentage of kills in entire the game.
 B = Kills by you in this place as a percentage of kills by you in the entire game.
 C = Kills by friends in this place as a percentage of kills by friends in the entire game.
 D = Other kills in this place as a percentage of other kills in the entire game.
 E = Experience gained in this place as a percentage of experience gained in the entire game.
 F = Experience gained in this place divided by the number of levels of this place that you have seen.
                   A       B       C       D       E      F
               +-------+-------+-------+-------+-------+----------------------
         Total | 100.0 | 100.0 | 100.0 | 100.0 | 100.0 | 24636.9
       Dungeon |  12.9 |  12.9 |   0.0 |   0.0 |   2.6 | 4349.4
          Lair |   5.2 |   5.3 |   0.0 |   0.0 |   1.8 | 7672.3
         Swamp |   4.4 |   4.3 |  35.7 |   0.0 |   3.0 | 18567.5
     Snake Pit |   5.3 |   5.3 |   0.0 |   0.0 |   4.8 | 29872.0
    Slime Pits |   1.6 |   1.4 |  35.7 |   0.0 |   2.5 | 12558.8
  Orcish Mines |   2.5 |   2.6 |   0.0 |   0.0 |   0.9 | 11312.0
   Elven Halls |   4.2 |   4.3 |   0.0 |   0.0 |   4.7 | 39038.0
        Vaults |  14.4 |  14.5 |   0.0 |  16.7 |  16.1 | 81106.2
         Crypt |   3.5 |   3.6 |   0.0 |   0.0 |   4.7 | 39047.7
          Tomb |   1.8 |   1.8 |   0.0 |   0.0 |   2.5 | 62212.0
        Depths |  11.0 |  11.0 |   0.0 |  16.7 |  13.7 | 69063.6
          Hell |   1.8 |   1.8 |   0.0 |  16.7 |   1.5 | 37307.0
       Cocytus |   9.1 |   9.2 |   0.0 |   0.0 |  10.0 | 35849.1
           Zot |   0.3 |   0.3 |   0.0 |   0.0 |   0.7 | 4437.8
         Abyss |   1.6 |   1.6 |   0.0 |   0.0 |   1.0 | 5071.0
   Pandemonium |  13.2 |  13.2 |  21.4 |  33.3 |  20.0 | 41948.7
      Ziggurat |   6.2 |   6.2 |   0.0 |  16.7 |   9.3 | 14631.4
        Bailey |   0.3 |   0.3 |   7.1 |   0.0 |   0.1 | 1720.0
       Volcano |   0.6 |   0.6 |   0.0 |   0.0 |   0.2 | 4635.0
               +-------+-------+-------+-------+-------+----------------------

Vault maps used:
D:1:      saegor_arrival_simple_d, st_stairs_10
D:2:      cheibrodos_old_hovel
D:3:      chequers_temple_overflow_minitemple, minmay_gold_behind_fungi
D:4:      lemuel_doored_altar, elyvilon_altar_1, nicolae_overflow_hidden_temple,
          hellmonk_ghost_happy_afterlife, first_ration, uniq_ijyb
D:5:      nicolae_sextant, fountainhead
D:6:      trog_ov_bears_minmay, nicolae_overflow_crystal_walls
D:7:      minmay_temple_entry_enclosed_plants, grunt_ogre_cave, fedhas_altar_3
D:8:      minmay_the_grid_octo_2x2, lair_entry_dummy, nicolae_wwwww
D:9:      zombieorc1_lemuel, serial_shops, nicolae_shop_waterfront, shop
D:10:     statuecave_lemuel
D:11:     serial_bayou_pond_e, nicolae_qazlal_general_emergency
D:12:     serial_undead, serial_undead_a, serial_undead_e, serial_undead_c,
          serial_undead_c, serial_undead_e, enter_bailey_3
D:13:     nicolae_ashenzari_panopticon
D:14:     grunt_vaults_entry_fortified, minivault_19, serial_shops, shop,
          uniq_louise, uniq_rupert, uniq_urug
D:15:     grunt_enter_depths_giant_problem, nicolae_two_hexagons, serial_shops,
          nicolae_shop_stone, uniq_sonja, uniq_azrael
Lair:1:   lemuel_slime, beast_lair_carwin_2, grunt_megastairs_5
Lair:2:   grunt_megastairs_1, serial_bayou_shore_b, serial_bayou_shore_a
Lair:3:   nicolae_swamp_entry_splash_gauntlet, guppyfry_snake_entry_island
Lair:4:   grunt_forest_stairs_clearing
Lair:5:   gammafunk_ghost_split, lemuel_fruit_tree
Lair:6:   evilmike_catoblepas_cave, nicolae_slime_entry_slimehenge,
          infiniplex_staircase_pool
Swamp:1:  serial_swamp_ruin, hangedman_swamp_ruin_hall,
          evilmike_swamp_ruin_wall, hangedman_swamp_ruin_wall
Swamp:2:  evilmike_swamp_ruin_house_4
Swamp:3:  evilmike_swamp_ruin_house_1, swamp_pool5
Swamp:4:  swamp_vile, uniq_bai_suzhen
Snake:1:  uniq_aizul
Snake:2:  serial_shops, shop, spider_trap
Snake:4:  johnstein_snake_rune_scales, gammafunk_ghost_grave,
          serial_bayou_pond_e, uniq_vashnia, uniq_asterion, uniq_kirke
Slime:1:  basic_altar
Slime:2:  cheibrodos_slime_lost_civilization_8
Slime:4:  nicolae_slime_jelly_donut, uniq_dissolution
Orc:2:    st_orc_open, nicolae_volcano_entry_s_turn
Elf:1:    minmay_elf_arrival_circle, serial_shops, statue_bzr,
          grunt_ministairs_8, serial_sigils_hangedman_writhe,
          einodemon_crawler_minivault, uniq_nikola
Elf:2:    serial_shops, nicolae_shop_window_shopping, shop, uniq_agnes
Elf:3:    elf_hall_gauntlet_narrow, spider_trap, minivault_27
Vaults:1: vaults_room_grid, ontoclasm_vaults_tryst, v_misc_33,
          nicolae_vaults_twisting_passages, ontoclasm_vaults_misaligned,
          ontoclasm_vaults_decontamination, vaults_room_grid, v_alt_pattern_2,
          hangedman_vaults_nails, st_more_cells, serial_shops, shop
Vaults:2: hangedman_vaults_variations, v_misc_1, v_misc_30,
          nicolae_vaults_branching_niches, nicolae_vaults_little_squares_1,
          v_misc_9, minmay_crypt_entry_necro_gods, vaults_mumra_hex,
          nicolae_vaults_big_angled_halls, v_alt_pattern_6,
          vaults_room_door_ring, serial_shops, shop, basic_altar, uniq_jorgrun
Vaults:3: hangedman_vaults_slice, nicolae_vaults_network_barrier,
          vaults_room_pool, hangedman_vaults_corner, v_rooms_5, st_cells,
          nicolae_vaults_big_ls, nicolae_vaults_windows_and_doors_thing,
          hangedman_vaults_stretched_pinwheel, enter_trove_3
Vaults:4: vaults_room_semicircle, nicolae_vaults_border_crossing, v_misc_32,
          nicolae_vaults_fighting_squares, v_misc_29,
          nicolae_vaults_little_squares_1, ontoclasm_vaults_idyll,
          ontoclasm_vaults_ring_small, vaults_mumra_minichess, uniq_xtahua,
          uniq_sojobo
Crypt:2:  uniq_donald
Crypt:3:  lightli_unholy_cathedral, tomb_entry_simple_bobbens
Depths:1: pf_hell_entry_tar_river, abyss_entry, dk_noncrumbling_4,
          kennysheep_kite_vault, uniq_mara
Depths:2: minmay_spriggan_fort, serial_sigils_hangedman_scratch, hell_entry,
          kennysheep_potato, infiniplex_staircase_diamond
Depths:3: radiant_caverns_b_rkd, hell_entry, pan_entry, abyss_entry
Depths:4: minmay_imperfect_grid, enter_ziggurat_d, abyss_entry, hell_entry,
          grunt_decor_mini_mirrors, basic_loot_grate_trap,
          okawaru_ov_weapons_minmay, infiniplex_staircase_squiggle
Depths:5: grunt_zot_entry_pinwheel, moated_statue, lightli_too_deep, pan_entry,
          grunt_megastairs_4, serial_bayou_shore_b, minmay_shoptagon, uniq_jory
Coc:7:    coc_grunt
Zot:1:    gammafunk_its_a_trap
Zot:2:    grunt_ministairs_15, basic_stair_grate_trap, grunt_megastairs_3
Zot:4:    st_stairs_4, lemuel_elevator
Abyss:2:  abyss_exit_lava
Abyss:4:  nicolae_abyss_rune_star_stuff
Pan:      rand_demon_4, grunt_pan_pentagram, nicolae_pan_cerebovesque_2,
          rand_demon_8, nicolae_pan_cerebovesque_4, nicolae_pan_sigil_uleosi,
          lom_lobon_grunt_wind_tunnels, nicolae_pan_gloorx_vloqian_2, cerebov,
          rand_demon_3, nicolae_pan_mnolegish_2, rand_demon_1,
          nicolae_pan_sigil_nadil, mnoleg_grunt_wretched_star,
          evilmike_gloorx_vloq_box, nicolae_pan_glass_arcs, pan_blood_fountain,
          evilmike_mini_pan_T, nicolae_pan_sigil_obb, nicolae_pan_lom_lobonic_3,
          evilmike_mini_pan_possible_glass, uniq_mennas_pan
Zig:8:    ziggurat_pillar_centre_oklobs
Zig:14:   ziggurat_pillar_centre_c
Zig:15:   ziggurat_pillar_centre_dead_trees
Bazaar:   bazaar_lake
Trove:    trove_garden
Bailey:   bailey_polearm_4, bailey
Volcano:  volcano_grotto
